 Dungeon Crawl Stone Soup version 0.29-a0-2-g12fcac58f8 (webtiles) character file.

Game seed: 11768376053205620627

786752 murtidash the Englaciator (level 27, -18/247 HPs)
             Began as a Demigod Ice Elementalist on Jan 26, 2022.
             Demolished by Cerebov (54 damage)
             ... in Pandemonium.
             The game lasted 06:02:19 (119596 turns).

murtidash the Englaciator (DgIE)                  Turns: 119596, Time: 06:02:20

Health: -18/247    AC: 18    Str: 17    XL:     27
Magic:  39/43      EV: 18    Int: 45    God:
Gold:   5369       SH: 10    Dex: 11    Spells: 6/46 levels left

rFire   + + +      SeeInvis .   b - +9 demon blade (flame)
rCold   + + +      Faith    .   H - +3 warlock's mirror {reflect}
rNeg    + + +      Spirit   .   B - +4 Cigotuvi's embrace {rMiasma Drain rN+}
rPois   .          Reflect  +   D - +5 hat of Hepliaklqana's Fury {rN+++ rCorr Slay+3}
rElec   +          Harm     .   T - scarf {rC+ rF+}
rCorr   +          Rampage  .   v - +2 pair of gloves
Will    ++++.      Clarity  +   m - +0 pair of boots of Makhleb's Fury {Int+4}
Stlth   +.........              R - amulet of Hiyret {RegenMP rElec rN+}
HPRegen 0.51/turn               K - ring of ice {rC+, rF-}
MPRegen 0.68/turn               u - ring of the Gloaming {rF+++ rC+ rN+ Will++ Dex-3}

@: studying 3 skills, unable to read, very slow
A: high mp 1, forlorn, divine attributes, hooves 1, clarity, deterioration 1,
weak 2, evolution 1, inability to read while threatened
}: 6/15 runes: decaying, slimy, silver, demonic, glowing, gossamer
a: no special abilities


You were in Pandemonium.
You visited 11 branches of the dungeon, and saw 54 of its levels.
You visited Pandemonium 1 time, and saw 10 of its levels.
You visited 1 bazaar.
You visited 1 ziggurat, and saw 14 of its levels.
You also visited: Trove and Volcano.

You collected 14192 gold pieces.
You spent 8823 gold pieces at shops.

Inventory:

Hand Weapons
 b - a +9 demon blade of flaming (weapon)
   (You took it off a kobold brigand on level 11 of the Dungeon)
 c - the +7 long sword of Qazlal's Benevolence {antimagic, +Blink rF+ Int+4}
   (You took it off a deep elf death mage on level 3 of the Elven Halls)

   It reduces the magical energy of the wielder, and disrupts the spells and
   magical abilities of those it strikes.
   Natural abilities and divine invocations are not affected.
   Int:       It affects your intelligence (+4).
   rF:        It protects you from fire.
   +Blink:    It lets you blink.
 y - a +0 vampiric demon blade
   (You took it off a demonspawn corrupter in Pandemonium)
Armour
 m - the +0 pair of boots of Makhleb's Fury (worn) {Int+4}
   (You found it in a treasure trove)

   Int:       It affects your intelligence (+4).
 v - a +2 pair of gloves (worn)
   (You found it on level 4 of the Dungeon)
 B - the +4 Cigotuvi's embrace (worn) {rMiasma Drain rN+}
   (You bought it in a shop on level 12 of the Dungeon)

   It gathers nearby corpses to temporarily increase the armour it provides.
   It protects you from foul pestilence.
   rN:        It protects you from negative energy.
   Drain:     It drains your maximum health when unequipped.
 D - the +5 hat of Hepliaklqana's Fury (worn) {rN+++ rCorr Slay+3}
   (You acquired it on level 11 of the Dungeon)

   Slay:      It affects your accuracy & damage with ranged weapons and melee
   (+3).
   rN:        It renders you almost immune to negative energy.
   rCorr:     It protects you from acid and corrosion.
 H - the +3 warlock's mirror (worn) {reflect}
   (You bought it in a shop on level 12 of the Dungeon)

   It can block and reflect piercing ranged attacks and magical attacks against
   the wielder's willpower.
 T - a scarf of resistance (worn)
   (You found it on level 2 of the Elven Halls)
Magical Staves
 a - a staff of cold {rC+}
   (You took it off Fannar on level 1 of the Orcish Mines)
Jewellery
 e - the ring "Neasem" {Drain rPois rF+ rC+++ rCorr}
   (You found it in a treasure trove)

   [ring of poison resistance]

   rF:        It protects you from fire.
   rC:        It renders you almost immune to cold.
   rPois:     It protects you from poison.
   rCorr:     It protects you from acid and corrosion.
   Drain:     It drains your maximum health when unequipped.
 o - the amulet of Starshine {+Blink Regen+ rCorr Int+3}
   (You took it off a frost giant on level 3 of the Depths)

   [amulet of regeneration]

   Int:       It affects your intelligence (+3).
   +Blink:    It lets you blink.
   Regen:     It increases your rate of health regeneration.
   rCorr:     It protects you from acid and corrosion.
 r - the amulet of the Wary Nightcaps {Reflect rN+ SH+5}
   (You took it off an orc on level 4 of the Vaults)

   [amulet of reflection]

   It reflects blocked missile attacks.
   rN:        It protects you from negative energy.
   SH:        It affects your SH (+5).
 u - the ring of the Gloaming (right hand) {rF+++ rC+ rN+ Will++ Dex-3}
   (You found it in a treasure trove)

   [ring of protection from cold]

   Dex:       It affects your dexterity (-3).
   rF:        It renders you almost immune to fire.
   rC:        It protects you from cold.
   rN:        It protects you from negative energy.
   Will:      It greatly increases your willpower.
 E - the ring "Utila" {Dex+3 SInv}
   (You took it off an orc knight on level 5 of the Vaults)

   [ring of see invisible]

   Dex:       It affects your dexterity (+3).
   SInv:      It lets you see invisible.
 F - the ring of the Visionary {Fly rElec Will+ Slay+4 Stlth-}
   (You took it off a crimson imp in Pandemonium)

   [ring of willpower]

   Slay:      It affects your accuracy & damage with ranged weapons and melee
   (+4).
   rElec:     It insulates you from electricity.
   Fly:       It grants you flight.
   Will:      It increases your willpower.
   Stlth:     It makes you less stealthy.
 K - a ring of ice (left hand) {rC+, rF-}
   (You bought it in a shop on level 8 of the Dungeon)
 R - the amulet of Hiyret (around neck) {RegenMP rElec rN+}
   (You found it on level 5 of the Pits of Slime)

   [amulet of magic regeneration]

   It increases your rate of magic regeneration.
   rElec:     It insulates you from electricity.
   rN:        It protects you from negative energy.
Wands
 J - a wand of digging (7)
   (You found it on level 1 of the Lair of Beasts)
 S - a wand of acid (15)
   (You found it on level 1 of the Elven Halls)
Scrolls
 f - 5 scrolls of holy word {!r}
 j - 5 scrolls of teleportation
 k - 14 scrolls of fear
 l - 2 scrolls of silence
 q - 10 scrolls of fog
 t - a scroll of blinking {!r}
 w - 4 scrolls of enchant armour
 A - 8 scrolls of magic mapping {!r}
 C - 2 scrolls of brand weapon
 M - 10 scrolls of amnesia
 W - 4 scrolls of summoning
Potions
 d - 15 potions of brilliance
 g - 26 potions of curing
 h - 10 potions of flight
 i - 6 potions of berserk rage {!q}
 n - 2 potions of invisibility
 p - 8 potions of ambrosia
 s - 8 potions of mutation {!q}
 z - 18 potions of cancellation
 G - 5 potions of lignification {!q}
 I - 3 potions of might
 N - a potion of haste
 P - 3 potions of magic
 Q - 6 potions of resistance
Miscellaneous
 x - a box of beasts
   (You found it on level 5 of the Lair of Beasts)
 L - a lightning rod (4/4)
   (You found it on level 1 of the Swamp)
 O - a phantom mirror
   (You found it on level 15 of the Dungeon)
 U - a tin of tremorstones (2/2)
   (You found it on level 6 of the Lair of Beasts)
 V - a piece from Xom's chessboard (15/15)
   (You found it on level 12 of a ziggurat)
 X - a condenser vane
   (You found it on level 4 of the Swamp)
 Y - a phial of floods (inert)
   (You found it on level 4 of the Lair of Beasts)


   Skills:
 + Level 20.3 Fighting
 - Level 10.7 Long Blades
 - Level 10.0 Armour
 - Level 17.1 Dodging
 - Level 1.7 Stealth
 - Level 15.2 Shields
 - Level 10.4 Spellcasting
 - Level 12.2 Conjurations
 * Level 13.2 Necromancy
 - Level 5.0 Translocations
 O Level 27 Ice Magic
 - Level 2.1 Air Magic
 - Level 12.0 Earth Magic
 - Level 10.0 Evocations


You had 6 spell levels left.
You knew the following spells:

 Your Spells              Type           Power      Damage    Failure   Level
a - Ozocubu's Refrigerat  Ice            79%        4d20      1%          7
b - Polar Vortex          Ice            79%        N/A       2%          9
c - Ozocubu's Armour      Ice            100%       N/A       0%          3
g - Apportation           Tloc           100%       N/A       1%          1
J - Frozen Ramparts       Ice            100%       1d12      0%          3
M - Lehudib's Crystal Sp  Conj/Erth      46%        10d11     56%         8
U - Passage of Golubria   Tloc           62%        N/A       1%          4
X - Hailstorm             Conj/Ice       100%       3d20      0%          4
Z - Freeze                Ice            100%       1d11      0%          1

Your spell library contained the following spells:

 Spells                   Type           Power      Damage    Failure   Level
 Animate Skeleton         Necr           100%       N/A       0%          1
 Magic Dart               Conj           100%       1d8       0%          1
 Pain                     Necr           100%       1d9       0%          1
 Sandblast                Erth           100%       2d20      0%          1
 Ensorcelled Hibernation  Hex/Ice        100%       N/A       0%          2
 Foxfire                  Conj/Fire      100%       2x1d9     1%          1
 Shock                    Conj/Air       100%       1d9       1%          1
 Slow                     Hex            92%        N/A       1%          1
 Summon Small Mammal      Summ           92%        N/A       1%          1
 Corpse Rot               Necr/Air       100%       N/A       1%          2
 Poisonous Vapours        Pois/Air       66%        N/A       1%          2
 Static Discharge         Conj/Air       73%        N/A       1%          2
 Conjure Flame            Conj/Fire      68%        6-21      1%          3
 Dazzling Flash           Conj/Hex       100%       N/A       1%          3
 Gell's Gravitas          Tloc           62%        N/A       1%          3
 Mephitic Cloud           Conj/Pois/Air  61%        N/A       1%          3
 Portal Projectile        Hex/Tloc       92%        N/A       1%          3
 Stone Arrow              Conj/Erth      100%       3d13      1%          3
 Swiftness                Air            42%        N/A       1%          3
 Teleport Other           Tloc           62%        N/A       1%          3
 Vampiric Draining        Necr           97%        2d12      1%          3
 Anguish                  Hex/Necr       35%        N/A       1%          4
 Animate Armour           Summ/Erth      100%       N/A       1%          4
 Animate Dead             Necr           48%        N/A       1%          4
 Dispel Undead            Necr           97%        3d30      1%          4
 Flame Wave               Conj/Fire      68%        2d13      1%          4
 Fulminant Prism          Conj/Hex       34%        3d16      1%          4
 Ice Form                 Ice/Tmut       100%       N/A       1%          4
 Iskenderun's Mystic Bla  Conj/Tloc      79%        2d16      1%          4
 Leda's Liquefaction      Hex/Erth       33%        N/A       1%          4
 Petrify                  Tmut/Erth      67%        N/A       1%          4
 Sticky Flame             Conj/Fire      68%        2d8       1%          4
 Summon Ice Beast         Ice/Summ       100%       N/A       1%          4
 Agony                    Necr           97%        N/A       1%          5
 Borgnjor's Vile Clutch   Necr/Erth      47%        N/A       1%          5
 Freezing Cloud           Conj/Ice/Air   61%        6-21      1%          5
 Iskenderun's Battlesphe  Conj           93%        2d14      1%          5
 Lee's Rapid Deconstruct  Erth           46%        3d23*     1%          5
 Death Channel            Necr           48%        N/A       1%          6
 Iron Shot                Conj/Erth      46%        9d9       1%          6
 Simulacrum               Ice/Necr       70%        N/A       1%          6
 Call Imp                 Summ           23%        N/A       2%          2
 Scorch                   Fire           46%        2d7       2%          2
 Lightning Bolt           Conj/Air       36%        1d54      2%          5
 Fireball                 Conj/Fire      34%        3d14      3%          5
 Call Canine Familiar     Summ           23%        N/A       4%          3
 Confusing Touch          Hex            23%        N/A       4%          3
 Ignite Poison            Fire/Tmut/Pois 23%        N/A       4%          3
 Inner Flame              Hex/Fire       23%        N/A       4%          3
 Spider Form              Tmut/Pois      23%        N/A       4%          3
 Summon Guardian Golem    Hex/Summ       23%        N/A       4%          3
 Airstrike                Air            21%        N/A       6%          4
 Summon Lightning Spire   Summ/Air       33%        N/A       10%         4
 Conjure Ball Lightning   Conj/Air       36%        3x3d12    13%         6
 Summon Forest            Summ/Tloc      23%        N/A       16%         5
 Starburst                Conj/Fire      34%        6d10      21%         6
 Silence                  Hex/Air        16%        N/A       28%         5
 Dispersal                Tloc           31%        N/A       30%         6
 Alistair's Intoxication  Tmut/Pois      15%        N/A       41%         5
 Summon Mana Viper        Hex/Summ       23%        N/A       41%         5
 Summon Cactus Giant      Summ           11%        N/A       94%         6
 Orb of Destruction       Conj           46%        9d12      9%          7
 Borgnjor's Revivificati  Necr           48%        N/A       41%         8
 Infestation              Necr           48%        N/A       41%         8
 Haunt                    Necr/Summ      35%        N/A       65%         7
 Spellforged Servitor     Conj/Summ      34%        N/A       73%         7
 Monstrous Menagerie      Summ           11%        N/A       100%        7
 Storm Form               Tmut/Air       16%        N/A       100%        7
 Discord                  Hex            11%        N/A       100%        8
 Disjunction              Tloc           31%        N/A       100%        8
 Ignition                 Fire           11%        3d5       100%        8
 Maxwell's Capacitive Co  Air            21%        ∞         100%        8
 Necromutation            Tmut/Necr      35%        N/A       100%        8
 Chain Lightning          Conj/Air       36%        3d48      100%        9
 Death's Door             Necr           48%        N/A       100%        9
 Fire Storm               Conj/Fire      34%        8d9       100%        9
 Shatter                  Erth           46%        3d36*     100%        9


Dungeon Overview and Level Annotations

Branches:
Dungeon (15/15)            Temple (1/1) D:4            Lair (6/6) D:10
  Swamp (4/4) Lair:4       Spider (4/4) Lair:3        Slime (5/5) Lair:5
    Orc (2/2) D:11            Elf (3/3) Orc:2        Vaults (5/5) D:14
  Crypt (0/3) Vaults:3     Depths (4/4) D:15            Zot (5/5) Depths:4
Volcano (visited)

Shops:
D:4 (   D:5 !   D:8 *   D:12 [   D:15 *   Orc:2 *(*   Vaults:1 (   Zot:2 *
Depths:2 *   Depths:4 :=*

Portals:
Hell: Depths:1 Depths:2 Depths:3 Depths:4
Abyss: Depths:3 Depths:4
Pandemonium: Depths:2 Depths:3

Annotations:
D:14 1 runed translucent door
Elf:1 exclusion: orange crystal statue
Elf:2 3 runed translucent doors
Elf:3 1 runed translucent door, rrossfarrar's ghost, adept FeBe
Vaults:4 Mennas
Zot:5 1 exclusion
Pan 1 exclusion, Cerebov


Innate Abilities, Weirdness & Mutations

You have an increased reservoir of magic. (+10% MP)
You shall have no god before yourself.
Your divine heritage dramatically boosts your attributes as you level up.
You have large cloven feet.
You possess an exceptional clarity of mind.
Your body sometimes deteriorates upon taking damage.
You are very weak. (Str -4)
You have hidden genetic potential.
You sometimes lose the ability to read scrolls when taking damage.


Message History

A great freezing vortex appears and lifts you up.
You are engulfed in blazing flames.
You resist.
You now have 35/43 mp.
Really fly into that cloud of flame?
A sun demon comes into view.
You are engulfed in blazing flames.
You resist.
The sun demon shouts!
You take 3 damage, and have 215/247 hp.
You kill the sun demon!
You feel a bit more experienced.
You hear a shout!
The winds around you start to calm down.
You float gracefully downwards.
You hear a shout!
Cerebov gestures.
Cerebov seems to speed up.
You are engulfed in whirling frost.
You are engulfed in whirling frost.
Cerebov gestures.
The winds around you calm down.
You feel a surge of power!
A great freezing vortex appears and lifts you up.
You now have 33/43 mp.
You feel very mighty all of a sudden.
The balrug shouts!
Cerebov hits you with the +6 sword of Cerebov {flame}!!!
The sword of Cerebov burns away your fire resistance.
You take 43 damage, and have 177/247 hp.
You hit Cerebov but do no damage.
Cerebov hits you with the +6 sword of Cerebov {flame}!
You take 15 damage, and have 162/247 hp.
You hit Cerebov but do no damage. Cerebov gestures at you.
The iron shot hits you!!!
You feel threatened and lose the ability to read scrolls!
Cerebov gestures at you.
A raging storm of fire appears!
The great blast of fire engulfs you!!! You partially resist.
The great blast of fire engulfs Cerebov!
Cerebov partially resists.
You hear a screech!
You hear a shout! 6 fire vortices come into view.
You take 83 damage, and have 79/247 hp.
MASSIVE DAMAGE!!
Unknown command.
Unknown command.
Okay, then.
Unknown command.
Cerebov shouts, "Tremble, thou pox-marked knotty-pated canker-blossom!"
You slice the fire vortex!! The balrug gestures at you.
Your +3 warlock's mirror {reflect} reflects the bolt of fire!
The bolt of fire hits the balrug.
The balrug completely resists.
You block Cerebov's attack.
You kill the balrug!
The balrug disappears in a puff of smoke!
The winds around you start to calm down.
You float gracefully downwards.
The balrug gestures at you.
Your +3 warlock's mirror {reflect} reflects the bolt of fire!
The bolt of fire hits the balrug.
The balrug completely resists.
You are engulfed in whirling frost.
Cerebov completely misses you. The balrug gestures at you.
The sticky flame hits you. You resist.
You are covered in liquid flames!
You are covered in liquid flames!
You are no longer on fire.
You can read scrolls again.
The balrug gestures at you. The sticky flame hits you. You resist.
You are covered in liquid flames!
* * * LOW HITPOINT WARNING * * *
Cerebov hits you with the +6 sword of Cerebov {flame}!!
You feel threatened and lose the ability to read scrolls!
* * * LOW HITPOINT WARNING * * *
Cerebov burns you.
* * * LOW HITPOINT WARNING * * *
You take 45 damage, and have 35/247 hp.
Okay, then.
Unknown command.
Unknown command.
Aim the phial where?
Aim: Cerebov, wielding the +6 sword of Cerebov {flame} (moderately wounded, fast)
The torrent of water hits Cerebov.
The wave splashes down.
Splash!
You fall into the shallow water.
Moving in this stuff is going to be slow.
Cerebov is engulfed in water.
The flames go out!
Cerebov gestures at you.
Your +3 warlock's mirror {reflect} reflects the iron shot!
The iron shot hits Cerebov!!!
A balrug comes into view.
It is wielding a +1 demon whip of venom.
Okay, then.
Unknown command.
Your magical effects are unravelling.
You feel magically purged.
You feel a little less mighty now. The winds around you calm down.
You feel less vulnerable to fire.
Cerebov hits you with the +6 sword of Cerebov {flame}!!!
You die...

..# #.∩# #..# #..##...........
).# #..# #..###..##.......##..
).# #..# #..#.................
..# #..# #..#.................
).# #..# #.............)......
..# #..# #..≈≈≈≈..............
..# #..# #..#≈≈≈...........###
..# #..# #..#&≈≈..#####..###**
..# #..#####..#@≈...#,,,####**,,
..# #.........#)≈2.)#,,,****,,,,
..####.........#.....#,,,+,,,,,,*
........#####..#.....##***,,,,***
........# #..#......# *..,,,,≈≈
∩.####..# #..#......###..,,≈≈,,
..# #..# #..........2...§≈≈≈*,
..# #..# #.......)..'.&..≈≈≈*,
..# #..# #..#.......'....≈≈≈*,


You could see Cerebov (fast, unsilenced, waterlogged) and 2 balrugs.

Vanquished Creatures
  the Royal Jelly (Slime:5)
  3 pandemonium lords (Pan)
  Mnoleg (Pan)
  3 orbs of fire
  An ancient lich (Zot:2)
  2 juggernauts
  The ghost of Tang the Slayer, a master DsGl of Makhleb (Vaults:3)
  2 Killer Klowns (Zig:4)
  Bai Suzhen (Vaults:2)
  Saint Roka (Vaults:5)
  Margery (Depths:4)
  Xtahua (Vaults:2)
  2 caustic shrikes (Depths:3)
  Jory (Vaults:4)
  3 golden dragons
  The ghost of Jyejeiptew the Apostate, an adept HOMo of Beogh (Elf:1)
  the Enchantress (Depths:4)
  Arachne (Spider:1)
  2 bone dragons (Zot:2)
  The ghost of Wicel the Warrior, an adept MiBe of Trog (Elf:1)
  3 Brimstone Fiends (Pan)
  2 Tzitzimimeh (Pan)
  The ghost of Gerad the Fencer, a veteran VSAK of Lugonu (Elf:1)
  A hellephant (Pan)
  A Hell Sentinel (Pan)
  19 tentacled monstrosities
  A deep elf blademaster (Elf:3)
  A walking earthen tome (Depths:3)
  6 liches
  Asterion (Vaults:1)
  4 titans
  A walking divine tome (Depths:3)
  6 quicksilver dragons
  The ghost of Kieschye the Impregnable, an adept GrBe of Trog (Elf:1)
  The ghost of Kieschye the Impregnable, an adept GrBe of Trog (Elf:1)
  5 deep elf master archers
  4 Executioners
  8 sphinxes
  23 acid blobs
  6 death cobs
  The ghost of hashsling the Spry, an adept MfGl of Gozag (Swamp:4)
  6 tengu reavers
  12 shadow dragons
  The ghost of Pouserri the Thaumaturge, an adept GnIE of Sif Muna (Elf:1)
  The ghost of Pooter the Severer, an adept MiBe of Trog (Elf:2)
  Agnes (Spider:2)
  Kirke (Swamp:2)
  4 draconian knights
  14 storm dragons
  A demonspawn warmonger (Pan)
  5 fenstrider witches
  12 azure jellies
  9 draconian monks
  13 rockslimes
  9 deep elf sorcerers
  A nagaraja (Zig:14)
  The ghost of Eveboq the Devastator, an adept HuCj of Vehumet (Elf:1)
  Donald (Vaults:1)
  14 fire giants
  15 cacodemons (Pan)
  4 iron dragons
  6 emperor scorpions
  18 vault wardens
  Aizul (Vaults:1)
  13 frost giants
  3 draconian scorchers
  3 orc warlords
  18 balrugs (Pan)
  3 deep elf elementalists (Elf:3)
  2 draconian shifters
  5 draconian stormcallers
  3 reapers (Pan)
  12 ghost moths
  A ghoul (Lair:4)
  27 ironbound preservers
  2 broodmothers (Spider:4)
  4 demonspawn corrupters (Pan)
  6 spriggan defenders
  21 stone giants
  8 draconian annihilators
  9 ironbound thunderhulks
  7 quicksilver oozes
  18 very ugly things
  5 war gargoyles
  6 green draconians
  8 vampire knights
  7 eleionomae
  A demonspawn blood saint (Pan)
  4 bunyips
  6 deep elf demonologists
  11 black draconians
  Nessos (D:15)
  4 demonspawn black suns (Pan)
  3 lorocyprocas (Pan)
  8 entropy weavers
  7 purple draconians
  13 red draconians
  9 dire elephants
  17 spark wasps
  12 yellow draconians
  9 deep elf annihilators
  9 white draconians
  3 blizzard demons (Pan)
  8 green deaths
  9 deep elf high priests
  13 ettins
  5 merfolk impalers
  3 deep elf death magi
  4 mummy priests (Zig:13)
  Josephine (D:14)
  A merfolk javelineer (Zig:12)
  23 yaktaur captains
  13 great orbs of eyes
  3 jiangshi (Depths:1)
  12 fire dragons
  4 hell beasts (Pan)
  20 hydras
  Fannar (Orc:1)
  9 boulder beetles
  6 shambling mangroves
  2 ghost crabs
  4 rakshasas
  An anaconda (Lair:4)
  5 ice dragons
  8 ogre magi
  49 vault guards
  6 spriggan air magi
  2 peacekeepers (Vaults:4)
  11 ironbound frosthearts
  2 jorogumos
  A catoblepas (D:14)
  2 radroaches
  7 two-headed ogres
  10 alligators
  22 dancing weapons
  3 merfolk aquamancers (Zig:12)
  A merfolk avatar (Swamp:4)
  2 alligator snapping turtles (Zig:14)
  6 tengu warriors
  15 centaur warriors
  15 death yaks
  4 death scarabs
  A vampire mage (Depths:1)
  5 orc high priests
  14 deep troll earth magi
  8 deep troll shamans
  18 soul eaters
  6 spriggan berserkers
  Urug (Lair:6)
  15 spriggans
  53 sun demons (Pan)
  The ghost of SkeletonJelly the Carver, a novice DrMo of Wu Jian (D:8)
  18 hell knights
  A storm dragon zombie (Zig:6)
  3 sea snakes (Zig:12)
  2 shadow wraiths
  A fire crab (Lair:6)
  10 pharaoh ants
  13 deep elf knights
  4 sun moths
  14 sixfirhies (Pan)
  2 fire crabs (shapeshifter)
  2 death drakes (Zot:3)
  4 glowing orange brains
  5 steelbarb worms
  5 iron trolls
  89 deep trolls
  6 goliath frogs
  2 flayed ghosts
  2 bog bodies
  6 spriggan druids
  A golden dragon skeleton (Zig:6)
  12 orb spiders
  A goliath frog (shapeshifter) (Depths:3)
  11 shadow demons (Pan)
  21 wizards
  9 swamp dragons
  21 orc knights
  15 deep elf archers
  28 ironbound convokers
  19 lindwurms
  20 deep elf zephyrmancers
  4 phantasmal warriors
  8 harpies
  A mana viper (shapeshifter) (Vaults:5)
  A sphinx zombie (Zig:13)
  17 deep elf pyromancers
  A manticore (shapeshifter) (Zig:5)
  8 shining eyes
  27 wolf spiders
  5 necromancers
  4 orc sorcerers (Orc:2)
  61 ugly things
  2 elephants (Lair:4)
  4 will-o-the-wisps
  9 manticores
  A shining eye (shapeshifter) (Depths:3)
  A cyclops (shapeshifter) (Vaults:4)
  6 cyclopes
  A tengu skeleton (Zig:6)
  23 vault sentinels
  A black mamba (shapeshifter) (D:8)
  28 moths of wrath
  Maurice (Orc:2)
  10 black mambas
  2 water nymphs (shapeshifter)
  4 guardian serpents
  2 merfolk sirens (Zig:12)
  3 gargoyles
  17 orange demons
  2 water nymphs (Zig:12)
  An apocalypse crab (Zig:4)
  4 eyes of devastation
  A cane toad (shapeshifter) (D:8)
  15 cane toads
  17 hellions (Pan)
  4 torpor snails
  14 smoke demons (Pan)
  3 freezing wraiths
  An unseen horror (D:11)
  14 komodo dragons
  4 kobold demonologists
  8 efreet
  A white draconian zombie (Zot:3)
  4 rime drakes
  An ice devil (Pan)
  10 demonic crawlers
  29 yaktaurs
  7 hellwings
  3 tormentors (Pan)
  A yaktaur (shapeshifter) (Depths:2)
  5 guardian mummies
  A yellow draconian skeleton (Zot:3)
  5 tengu conjurers
  4 red devils (Pan)
  A wind drake (Zig:12)
  12 meliai
  11 trolls
  4 bloated husks
  10 merfolk (Zig:12)
  32 hornets
  19 large abominations (Pan)
  A moth of wrath zombie (Zot:3)
  10 polar bears
  12 tyrant leeches
  A hornet (shapeshifter) (D:8)
  4 raiju (Lair:6)
  Prince Ribbit (D:5)
  A raiju (shapeshifter) (D:15)
  126 slime creatures
  2 snapping turtles (Zig:12)
  34 tarantellas
  35 blink frogs
  A centaur simulacrum (D:14)
  23 jumping spiders
  6 wraiths
  48 yaks
  2 spriggan skeletons
  14 water elementals
  23 culicivoras
  6 flying skulls (Zig:13)
  5 air elementals
  15 wyverns
  2 ushabtiu (Zig:13)
  5 hogs (Swamp:2)
  A culicivora (shapeshifter) (D:14)
  21 ynoxinuls (Pan)
  A hog (shapeshifter) (Depths:2)
  4 fire bats (Pan)
  3 vampires (Vaults:3)
  Eustachio (D:4)
  15 golden eyes
  7 fire elementals
  20 chaos spawn
  17 vampire mosquitoes
  5 basilisks
  28 neqoxecs
  59 redbacks
  A human (Swamp:2)
  2 steam dragons
  2 swamp worms (shapeshifter)
  11 wargs
  13 swamp worms
  A hydra simulacrum (Lair:2)
  A naga (Zig:14)
  2 acid dragons
  2 floating eyes
  13 hell hounds (Lair:6)
  15 water moccasins
  A hornet zombie (D:7)
  48 orc warriors
  16 black bears
  A necrophage (Swamp:1)
  A black bear (shapeshifter) (D:8)
  A wolf (shapeshifter) (Vaults:3)
  12 ogres
  6 centaurs
  23 wolves
  2 phantoms
  3 kobold brigands
  15 bullfrogs
  3 gnoll sergeants
  3 earth elementals
  A water moccasin zombie (D:6)
  3 scorpions
  A wyvern skeleton (D:7)
  A water moccasin skeleton (D:7)
  11 killer bees
  3 electric eels
  2 centaur zombies
  A howler monkey (D:8)
  4 crimson imps (Pan)
  A jelly (D:8)
  3 gnoll shamans
  6 hounds
  3 water moccasin simulacra (Lair:2)
  2 centaur skeletons
  21 orc priests
  An iguana (D:7)
  A scorpion zombie (D:5)
  13 orc wizards
  Ijyb (D:3)
  A yak simulacrum (Lair:2)
  A killer bee zombie (D:7)
  15 mummies
  24 gnolls
  8 adders
  3 shadow imps
  2 white imps (D:6)
  An ufetubus (D:4)
  An adder zombie (D:5)
  A worm (D:5)
  4 dart slugs
  54 orcs
  8 ball pythons
  12 endoplasms
  6 giant cockroaches
  15 goblins
  8 hobgoblins
  12 jackals
  15 kobolds
  3 quokkas
  5 bats
  A frilled lizard (D:1)
  5 rats
  2 bushes (Lair:6)
  18 fire vortices (Pan)
2927 creatures vanquished.

Vanquished Creatures (collateral kills)
  A warg (Vaults:5)
1 creature vanquished.

Vanquished Creatures (others)
  A pandemonium lord (Pan)
  2 eldritch tentacles (Pan)
  A draconian stormcaller (Zot:4)
  A ghost moth (Zot:3)
  A spriggan defender (Depths:4)
  A shambling mangrove (Zig:8)
  A green death (Swamp:4)
  A hydra (Swamp:4)
  An alligator (Swamp:3)
  A soul eater (Pan)
  A deep troll (Depths:4)
  A wizard (Vaults:4)
  A will-o-the-wisp (Zig:8)
  A ynoxinul (Pan)
  A human (Swamp:2)
  2 chaos spawn
  A floating eye (Pan)
  2 demonic plants (Pan)
  10 foxfires
  67 fungi
  139 plants
  2 withered plants (Elf:2)
239 creatures vanquished.

Grand Total: 3167 creatures vanquished

Notes
Turn   | Place    | Note
-------+----------+-------------------------------------------
     0 | D:1      | murtidash the Demigod Ice Elementalist began the quest for
                  | the Orb.
     0 | D:1      | Reached XP level 1. HP: 14/14 MP: 5/5
    35 | D:1      | Reached skill level 2 in Spellcasting
   422 | D:1      | Reached XP level 2. HP: 19/20 MP: 7/7
   714 | D:1      | Reached skill level 4 in Ice Magic
   981 | D:2      | Reached XP level 3. HP: 11/26 MP: 4/9
  1733 | D:2      | Reached skill level 3 in Spellcasting
  1733 | D:2      | Reached XP level 4. HP: 24/33 MP: 5/11
  1741 | D:2      | Learned a level 3 spell: Frozen Ramparts
  1745 | D:2      | Learned a level 3 spell: Ozocubu's Armour
  2031 | D:3      | Noticed a water moccasin
  2039 | D:3      | Killed a water moccasin
  2040 | D:3      | Reached skill level 5 in Ice Magic
  2040 | D:3      | Reached XP level 5. HP: 26/38 MP: 1/13
  2971 | D:3      | Noticed Ijyb
  2985 | D:3      | Killed Ijyb
  3254 | D:4      | HP: 1/38 [phantom (7)]
  3265 | D:5      | Entered Level 5 of the Dungeon
  3271 | D:5      | Reached skill level 4 in Spellcasting
  3288 | D:5      | Noticed a black bear
  3530 | D:3      | Reached XP level 6. HP: 12/45 MP: 8/15
  3918 | D:4      | Reached skill level 6 in Ice Magic
  4126 | D:4      | Reached XP level 7. HP: 29/50 MP: 13/17
  4315 | D:4      | Found Vurroinu's Weapon Emporium.
  4390 | D:4      | Found a staircase to the Ecumenical Temple.
  4411 | D:4      | Noticed Eustachio
  4441 | D:4      | Killed Eustachio
  4442 | D:4      | Reached skill level 5 in Spellcasting
  4455 | Temple   | Entered the Ecumenical Temple
  5213 | D:5      | Noticed Prince Ribbit
  5224 | D:5      | Killed Prince Ribbit
  5225 | D:5      | Reached skill level 7 in Ice Magic
  5383 | D:5      | Reached skill level 6 in Spellcasting
  5486 | D:5      | Reached XP level 8. HP: 54/57 MP: 10/20
  5568 | D:5      | Found Mirph's Distillery.
  5576 | D:5      | Bought a potion of heal wounds for 55 gold pieces
  5576 | D:5      | Bought a potion of heal wounds for 55 gold pieces
  5576 | D:5      | Bought a potion of mutation for 88 gold pieces
  5758 | D:5      | HP: 10/57 [poisoned by a gnoll sergeant]
  5763 | D:5      | HP: 4/57 [poisoned by a gnoll sergeant]
  6688 | D:5      | Reached skill level 8 in Ice Magic
  7066 | D:6      | Reached skill level 7 in Spellcasting
  7970 | D:7      | Identified the ring of Mavip {Will+ EV+4 Int+4}
  7983 | D:7      | Noticed a manticore
  8335 | D:7      | Killed a manticore
  8336 | D:7      | Reached skill level 9 in Ice Magic
  8336 | D:7      | Reached XP level 9. HP: 50/62 MP: 14/24
  8572 | D:7      | Reached skill level 8 in Spellcasting
  9067 | D:8      | Found Beshoocy's Assorted Antiques.
  9075 | D:8      | Bought a golden ring for 125 gold pieces
  9199 | D:8      | Noticed a two-headed ogre
  9209 | D:8      | Killed a two-headed ogre
  9210 | D:8      | Reached skill level 10 in Ice Magic
  9285 | D:8      | Found a runed translucent gate.
  9285 | D:8      | Noticed a brown ugly thing
  9286 | D:8      | Found a runed translucent gate.
  9286 | D:8      | Noticed a brown ugly thing
  9286 | D:8      | Noticed a white ugly thing
  9287 | D:8      | Found a runed translucent gate.
  9444 | D:8      | Identified a scroll of acquirement
  9494 | D:8      | Acquired 585 gold pieces
 10029 | D:8      | Killed a red ugly thing
 10030 | D:8      | Reached skill level 9 in Spellcasting
 10035 | D:8      | Killed a purple ugly thing
 10036 | D:8      | Reached XP level 10. HP: 32/69 MP: 12/27
 10036 | D:8      | HP: 3/69 [red ugly thing (28)]
 10040 | D:8      | Killed a red ugly thing
 10237 | D:8      | Found a runed translucent gate.
 10237 | D:8      | Found a runed translucent gate.
 10239 | D:8      | Noticed SkeletonJelly's ghost (novice DrMo)
 10241 | D:8      | Found a runed translucent gate.
 10241 | D:8      | Noticed a salamander
 10254 | D:8      | a salamander changed into a culicivora
 10255 | D:8      | Noticed a black mamba
 10255 | D:8      | a culicivora changed into a black mamba
 10264 | D:8      | Gained mutation: Your body sometimes deteriorates upon
                  | taking damage. [a neqoxec]
 10269 | D:8      | Killed a black mamba
 10270 | D:8      | Reached skill level 11 in Ice Magic
 10560 | D:8      | Lost mutation: Your body sometimes deteriorates upon taking
                  | damage. [potion of mutation]
 10560 | D:8      | Gained mutation: Your mind is acute. (Int +2) [potion of
                  | mutation]
 10560 | D:8      | Gained mutation: You have sharp toenails. [potion of
                  | mutation]
 10560 | D:8      | Gained mutation: Your flesh is cold resistant. (rC+)
                  | [potion of mutation]
 10728 | D:8      | Killed SkeletonJelly's ghost
 10729 | D:8      | Reached skill level 10 in Spellcasting
 10906 | D:8      | Found Beshoocy's Assorted Antiques.
 11459 | D:9      | Reached skill level 2 in Dodging
 11461 | D:9      | Reached skill level 1 in Fighting
 11858 | D:9      | Reached skill level 2 in Fighting
 12218 | D:10     | Entered Level 10 of the Dungeon
 12324 | D:10     | Reached skill level 3 in Dodging
 12632 | D:10     | Reached XP level 11. HP: 78/81 MP: 24/29
 12790 | D:10     | Found a staircase to the Lair.
 12901 | Lair:1   | Entered Level 1 of the Lair of Beasts
 12974 | Lair:1   | Reached skill level 3 in Fighting
 13131 | Lair:1   | Reached skill level 12 in Ice Magic
 13134 | Lair:1   | Reached skill level 4 in Dodging
 13346 | Lair:1   | HP: 10/82 [cane toad (10)]
 13692 | Lair:1   | Reached skill level 4 in Fighting
 14163 | Lair:1   | Reached skill level 5 in Dodging
 14540 | Lair:2   | Found a dark tunnel.
 14549 | Volcano  | Entered a volcano
 14567 | Volcano  | Reached skill level 5 in Fighting
 15152 | Lair:2   | Identified the ring of the Oligarchy {rF++ rCorr Str-5
                  | Int+6 Stlth+}
 15199 | Lair:2   | Found a transporter.
 15212 | Lair:2   | Noticed a boulder beetle
 15225 | Lair:2   | Killed a boulder beetle
 15226 | Lair:2   | Reached skill level 6 in Dodging
 15725 | Lair:2   | Found a transporter.
 16395 | Lair:2   | Got the Handbook of the Mountains and Ice
 16686 | Lair:2   | Learned a level 7 spell: Ozocubu's Refrigeration
 16688 | Lair:2   | Learned a level 1 spell: Apportation
 16903 | Lair:3   | Reached skill level 6 in Fighting
 16924 | Lair:3   | Reached skill level 13 in Ice Magic
 17186 | Lair:3   | Found a hole to the Spider Nest.
 17221 | Lair:3   | Reached XP level 12. HP: 78/96 MP: 19/30
 17681 | Lair:3   | Reached skill level 14 in Ice Magic
 18259 | Lair:3   | Reached skill level 15 in Ice Magic
 19126 | Lair:3   | Found a hole to the Spider Nest.
 19800 | Lair:4   | Noticed a six-headed hydra
 19800 | Lair:4   | Noticed an anaconda
 19801 | Lair:4   | Noticed a dire elephant
 19805 | Lair:4   | Killed an anaconda
 19805 | Lair:4   | Killed a six-headed hydra
 20062 | Lair:4   | Reached skill level 16 in Ice Magic
 20404 | Lair:4   | Reached XP level 13. HP: 98/102 MP: 16/31
 21630 | Lair:4   | Found a staircase to the Swamp.
 21750 | Lair:4   | Reached skill level 17 in Ice Magic
 22478 | Lair:5   | Learned a level 4 spell: Hailstorm
 23108 | Lair:5   | Found a staircase to the Slime Pits.
 23218 | Lair:6   | Entered Level 6 of the Lair of Beasts
 23842 | Lair:6   | Reached skill level 18 in Ice Magic
 24034 | Lair:6   | Noticed Urug
 24036 | Lair:6   | Killed Urug
 25585 | Lair:6   | Reached XP level 14. HP: 67/110 MP: 14/32
 25586 | Lair:6   | Reached skill level 19 in Ice Magic
 26976 | Lair:6   | Reached skill level 7 in Fighting
 27749 | Lair:6   | Reached skill level 8 in Fighting
 28821 | D:5      | Bought a potion of brilliance for 44 gold pieces
 28821 | D:5      | Bought a potion of brilliance for 44 gold pieces
 28821 | D:5      | Bought a potion of brilliance for 44 gold pieces
 28901 | D:8      | Bought a scroll of identify for 50 gold pieces
 28901 | D:8      | Bought a potion of haste for 250 gold pieces
 28901 | D:8      | Bought 2 potions of might for 200 gold pieces
 29718 | D:11     | Reached skill level 9 in Fighting
 29994 | D:11     | Found a staircase to the Orcish Mines.
 30059 | D:11     | Acquired the +5 hat of Hepliaklqana's Fury {rN+++ rCorr
                  | Slay+3}
 30432 | Orc:1    | Entered Level 1 of the Orcish Mines
 30650 | Orc:1    | Noticed Fannar
 30780 | Orc:1    | Killed Fannar
 31115 | Orc:2    | Entered Level 2 of the Orcish Mines
 31125 | Orc:2    | Found a staircase to the Elven Halls.
 31691 | Orc:2    | Noticed Maurice
 31693 | Orc:2    | Killed Maurice
 32316 | Orc:2    | Found Kuemnyka's Assorted Antiques.
 32321 | Orc:2    | Reached skill level 1 in Long Blades
 32848 | Orc:2    | Found Kapp's Weapon Shoppe.
 32920 | Orc:2    | Found Uziemof's Armour Shoppe.
 32922 | Orc:2    | Found Pecoahanle's General Store.
 32952 | Orc:2    | Bought a potion of curing for 48 gold pieces
 32952 | Orc:2    | Bought a scroll of identify for 32 gold pieces
 32952 | Orc:2    | Bought a wand of flame (5) for 56 gold pieces
 32964 | Orc:2    | Bought a potion of heal wounds for 100 gold pieces
 32964 | Orc:2    | Bought a scroll of magic mapping for 70 gold pieces
 32964 | Orc:2    | Bought a scroll of identify for 40 gold pieces
 33121 | D:12     | Reached skill level 2 in Long Blades
 33663 | D:12     | Found Qege's Armour Boutique.
 33671 | D:12     | Bought the +4 Cigotuvi's embrace {rMiasma Drain rN+} for
                  | 358 gold pieces
 33671 | D:12     | Found the +4 Cigotuvi's embrace {rMiasma Drain rN+}
 33671 | D:12     | Bought the +3 warlock's mirror {reflect} for 520 gold
                  | pieces
 33671 | D:12     | Found the +3 warlock's mirror {reflect}
 33686 | D:12     | Upgraded the game from 0.28-a0-1638-g9123634e07 to
                  | 0.29-a0-2-g12fcac58f8
 34057 | D:12     | Reached XP level 15. HP: 121/126 MP: 18/34
 34593 | D:13     | Reached skill level 10 in Fighting
 34593 | D:13     | Reached skill level 1 in Shields
 34700 | D:13     | Reached skill level 20 in Ice Magic
 34855 | D:13     | Reached skill level 7 in Dodging
 35633 | D:14     | Reached skill level 3 in Long Blades
 36055 | D:14     | Noticed Josephine
 36058 | D:14     | Killed Josephine
 36059 | D:14     | Reached skill level 2 in Shields
 36544 | D:14     | Found a gate to the Vaults.
 36835 | D:14     | Reached skill level 3 in Shields
 37020 | D:14     | Noticed a fire giant
 37023 | D:14     | Killed a fire giant
 37137 | D:14     | Reached skill level 4 in Long Blades
 37740 | D:14     | Found a runed translucent door.
 37758 | D:14     | Noticed a tengu reaver
 37868 | D:14     | Killed a tengu reaver
 38129 | D:14     | Noticed a fire giant
 38142 | D:14     | Killed a fire giant
 38583 | D:15     | Entered Level 15 of the Dungeon
 38583 | D:15     | Noticed Nessos
 38585 | D:15     | Killed Nessos
 38901 | D:15     | Reached skill level 8 in Dodging
 39057 | D:15     | Found Eroall's General Store.
 39069 | D:15     | Reached skill level 4 in Shields
 39138 | D:15     | Identified the +6 hand axe of Termination {elec, *Rage
                  | rElec rN+++ Int-4}
 39144 | D:15     | Identified the +3 lajatang of Valuable Assets {protect,
                  | rElec rPois rF+ Will+}
 40146 | D:15     | Found a staircase to the Depths.
 40996 | Swamp:1  | Entered Level 1 of the Swamp
 40999 | Swamp:1  | Reached skill level 5 in Long Blades
 41254 | Swamp:1  | Reached XP level 16. HP: 136/136 MP: 10/35
 41668 | Swamp:1  | Reached skill level 11 in Fighting
 42343 | Swamp:1  | Reached skill level 5 in Shields
 42509 | Swamp:2  | Reached skill level 21 in Ice Magic
 42598 | Swamp:2  | Reached skill level 1 in Evocations
 42971 | Swamp:2  | Noticed Kirke
 42974 | Swamp:2  | Killed Kirke
 43668 | Swamp:2  | Reached skill level 2 in Evocations
 44391 | Swamp:3  | Reached skill level 9 in Dodging
 45258 | Swamp:3  | Reached skill level 6 in Shields
 45381 | Swamp:3  | Reached skill level 3 in Evocations
 45770 | Swamp:4  | Entered Level 4 of the Swamp
 46045 | Swamp:4  | Identified the +4 great sword of Forced Transition {vorpal,
                  | Will- Dex+4}
 46343 | Swamp:4  | Found a large runed translucent door.
 46343 | Swamp:4  | Found a large runed translucent door.
 46345 | Swamp:4  | Noticed hashsling's ghost (adept MfGl)
 46579 | Swamp:4  | Paralysed by a hornet for 1 turns
 46645 | Swamp:4  | Noticed a tentacled monstrosity
 47046 | Swamp:3  | Killed a tentacled monstrosity
 47218 | Swamp:4  | Reached skill level 4 in Evocations
 47592 | Swamp:4  | Noticed a tentacled monstrosity
 47663 | Swamp:3  | HP: 22/137 [tentacled monstrosity (7)]
 48436 | Swamp:3  | Killed a tentacled monstrosity
 49243 | Swamp:4  | Got a decaying rune of Zot
 49454 | Swamp:4  | Reached skill level 7 in Shields
 49455 | Swamp:4  | Reached XP level 17. HP: 144/144 MP: 10/36
 50118 | Swamp:4  | Killed hashsling's ghost
 50503 | Elf:1    | Entered Level 1 of the Elven Halls
 50503 | Elf:1    | Found a runed translucent gate.
 50503 | Elf:1    | Found a runed translucent gate.
 50503 | Elf:1    | Found a runed translucent gate.
 50503 | Elf:1    | Found a runed translucent gate.
 50503 | Elf:1    | Found a runed translucent gate.
 50503 | Elf:1    | Found a runed translucent gate.
 50532 | Elf:1    | Found a runed translucent door.
 50619 | Elf:1    | Found a runed translucent door.
 50734 | Elf:1    | Reached skill level 10 in Dodging
 51026 | Elf:1    | Reached skill level 5 in Evocations
 51264 | Elf:1    | Reached skill level 22 in Ice Magic
 51882 | Elf:1    | Found a huge runed gate.
 51882 | Elf:1    | Found a huge runed gate.
 51882 | Elf:1    | Found a huge runed gate.
 51883 | Elf:1    | Found a huge runed gate.
 51883 | Elf:1    | Found a huge runed gate.
 51884 | Elf:1    | Found a huge runed gate.
 51884 | Elf:1    | Found a huge runed gate.
 51885 | Elf:1    | Found a huge runed gate.
 51886 | Elf:1    | Found a huge runed gate.
 51887 | Elf:1    | Found a huge runed gate.
 51889 | Elf:1    | Found a huge runed gate.
 51889 | Elf:1    | Found a huge runed gate.
 51890 | Elf:1    | Found a huge runed gate.
 51891 | Elf:1    | Found a huge runed gate.
 51892 | Elf:1    | Found a huge runed gate.
 51893 | Elf:1    | Found a huge runed gate.
 51894 | Elf:1    | Found a huge runed gate.
 52295 | Elf:1    | Reached skill level 6 in Long Blades
 52355 | Elf:1    | Found a huge runed gate.
 52358 | Elf:1    | Found a huge runed gate.
 52358 | Elf:1    | Found a huge runed gate.
 52358 | Elf:1    | Found a huge runed gate.
 52361 | Elf:1    | Found a huge runed gate.
 52362 | Elf:1    | Found a huge runed gate.
 52362 | Elf:1    | Found a huge runed gate.
 52362 | Elf:1    | Found a huge runed gate.
 52363 | Elf:1    | Found a huge runed gate.
 52367 | Elf:1    | Identified the +1 robe of Grottiness {rElec rCorr Int+2}
 52369 | Elf:1    | Found a huge runed gate.
 52369 | Elf:1    | Found a huge runed gate.
 52369 | Elf:1    | Found a huge runed gate.
 52369 | Elf:1    | Found a huge runed gate.
 52369 | Elf:1    | Found a huge runed gate.
 53169 | Elf:1    | Found a huge runed gate.
 53170 | Elf:1    | Found a huge runed gate.
 53171 | Elf:1    | Found a huge runed gate.
 53172 | Elf:1    | Found a huge runed gate.
 53236 | Elf:1    | Found a huge runed gate.
 53403 | Elf:1    | Noticed Pouserri's ghost (adept GnIE)
 53403 | Elf:1    | Noticed Kieschye's ghost (adept GrBe)
 53403 | Elf:1    | Noticed Kieschye's ghost (adept GrBe)
 53403 | Elf:1    | Noticed Eveboq's ghost (adept HuCj)
 53403 | Elf:1    | Noticed Wicel's ghost (adept MiBe)
 53403 | Elf:1    | Noticed Jyejeiptew's ghost (adept HOMo)
 53406 | Elf:1    | Killed Kieschye's ghost
 53406 | Elf:1    | Killed Eveboq's ghost
 53407 | Elf:1    | Noticed Gerad's ghost (veteran VSAK)
 53407 | Elf:1    | Killed Pouserri's ghost
 53407 | Elf:1    | Killed Kieschye's ghost
 53407 | Elf:1    | Killed Jyejeiptew's ghost
 53408 | Elf:1    | Reached skill level 8 in Shields
 53408 | Elf:1    | Reached skill level 6 in Evocations
 53460 | Elf:1    | HP: 15/144 [Wicel's ghost (24)]
 53461 | Elf:1    | HP: 7/144 [Wicel's ghost (27)]
 53594 | Elf:1    | Killed Wicel's ghost
 53829 | Elf:1    | Killed Gerad's ghost
 54441 | Elf:2    | Found a runed translucent door.
 54441 | Elf:2    | Noticed Pooter's ghost (adept MiBe)
 54690 | Elf:2    | Reached skill level 7 in Long Blades
 54769 | Elf:2    | Found a runed translucent gate.
 54770 | Elf:2    | Found a runed translucent gate.
 54770 | Elf:2    | Found a runed translucent gate.
 54927 | Elf:2    | Killed Pooter's ghost
 55078 | Elf:3    | Entered Level 3 of the Elven Halls
 55679 | Elf:3    | Reached skill level 1 in Armour
 56356 | Elf:3    | Found a runed translucent door.
 56864 | Elf:3    | Noticed rrossfarrar's ghost (adept FeBe)
 57990 | Elf:3    | Reached XP level 18. HP: 151/151 MP: 29/37
 58117 | Elf:3    | Reached skill level 2 in Armour
 58117 | Elf:3    | Reached skill level 7 in Evocations
 58482 | Elf:3    | Identified the +4 mace of the Smoking Butterfly {freeze,
                  | rElec rPois Int+2}
 58541 | Elf:3    | Identified the +5 great sword of Twilight {venom, rN+
                  | Will+}
 58541 | Elf:3    | Identified the amulet "Deuneh" {Will+ Regen+ rCorr Stlth-}
 58572 | Elf:3    | Identified the +6 flail of False Accusations {freeze, rC+
                  | rN+++ Int+2 Dex+3}
 58572 | Elf:3    | Identified the ring of the Komtur {Ice Will- Str+4 Dex+6}
 58842 | Elf:3    | Identified the +6 quarterstaff of Tortfeasance {protect,
                  | rElec rC+ Int+2}
 59146 | Elf:3    | Reached skill level 9 in Shields
 59146 | Elf:3    | Identified the +11 quarterstaff "Bozamoes" {spect, rCorr}
 59293 | Elf:3    | Identified the +7 long sword of Qazlal's Benevolence
                  | {antimagic, +Blink rF+ Int+4}
 59410 | Elf:3    | Identified the +1 plate armour of Fashionability {MP+9
                  | Str-2 Int+2 Dex+6}
 59444 | Elf:3    | Identified the +1 robe "Huud" {rElec Regen+ Stlth+}
 59595 | Elf:3    | Acquired a +0 tower shield of reflection
 59874 | Lair:3   | Learned a level 4 spell: Passage of Golubria
 59877 | Spider:1 | Entered Level 1 of the Spider Nest
 60032 | Spider:1 | Reached skill level 3 in Armour
 60531 | Spider:1 | Reached skill level 1 in Translocations
 61967 | Spider:1 | Reached skill level 23 in Ice Magic
 62296 | Spider:1 | Identified the +3 ring mail "Wefob" {Drain rF+ Int+7
                  | Slay+3}
 62444 | Spider:2 | Noticed Arachne
 62452 | Spider:1 | Killed Arachne
 62969 | Spider:2 | Reached skill level 8 in Long Blades
 63879 | Spider:2 | Noticed Agnes
 63882 | Spider:2 | Reached skill level 2 in Translocations
 63882 | Spider:2 | Killed Agnes
 65268 | Spider:3 | Identified the +8 flail of the Battered Knaves {drain,
                  | *Corrode Str+2 Dex+4 Stlth+}
 65421 | Spider:3 | Reached skill level 4 in Armour
 66523 | Spider:4 | Entered Level 4 of the Spider Nest
 66623 | Spider:4 | Reached skill level 8 in Evocations
 67056 | Spider:4 | Reached skill level 3 in Translocations
 67059 | Spider:4 | Reached XP level 19. HP: 160/160 MP: 3/38
 67198 | Spider:3 | Reached skill level 11 in Dodging
 67604 | Spider:4 | Reached skill level 12 in Fighting
 69913 | Spider:4 | Identified the +1 pair of boots "Piod" {-Tele Fly rCorr
                  | Str+2}
 69925 | Spider:4 | Identified the -3 hat "Juter" {rElec}
 69950 | Spider:4 | Got a gossamer rune of Zot
 70218 | Vaults:1 | Entered Level 1 of the Vaults
 70578 | Vaults:1 | Reached skill level 5 in Armour
 70754 | Vaults:1 | Found Tevak's Weapon Boutique.
 71339 | Vaults:1 | Reached skill level 4 in Translocations
 71814 | Vaults:1 | Reached skill level 10 in Shields
 72287 | Vaults:1 | Noticed Asterion
 72311 | Vaults:1 | Killed Asterion
 72403 | Vaults:1 | Reached skill level 9 in Long Blades
 72490 | Vaults:1 | Noticed Aizul
 72504 | Vaults:1 | Killed Aizul
 73001 | Vaults:1 | Noticed Donald
 73003 | Vaults:1 | Killed Donald
 73626 | Vaults:1 | Reached skill level 9 in Evocations
 74752 | Vaults:2 | Reached skill level 5 in Translocations
 74910 | Vaults:2 | Noticed Xtahua
 74912 | Vaults:2 | Killed Xtahua
 75322 | Vaults:2 | Reached skill level 6 in Armour
 75845 | Vaults:2 | Reached XP level 20. HP: 170/170 MP: 25/39
 75846 | Vaults:2 | Noticed Bai Suzhen
 76661 | Vaults:2 | Killed Bai Suzhen
 76662 | Vaults:2 | Reached skill level 24 in Ice Magic
 77421 | Vaults:3 | Reached skill level 12 in Dodging
 77866 | Vaults:3 | Found a staircase to the Crypt.
 77977 | Vaults:3 | Reached skill level 13 in Fighting
 77993 | Vaults:3 | Reached skill level 10 in Long Blades
 77993 | Vaults:3 | Reached skill level 7 in Armour
 78440 | Vaults:3 | Reached skill level 10 in Evocations
 79126 | Vaults:3 | Got the Papyrus of the Arsonist
 79462 | Vaults:3 | Found a runed translucent gate.
 79462 | Vaults:3 | Found a runed translucent gate.
 79462 | Vaults:3 | Found a runed translucent gate.
 79465 | Vaults:3 | Noticed Tang's ghost (master DsGl)
 79558 | Vaults:3 | Reached skill level 8 in Armour
 80236 | Vaults:4 | Noticed Jory
 80291 | Vaults:4 | Killed Jory
 80292 | Vaults:4 | Reached XP level 21. HP: 66/178 MP: 13/40
 80701 | Vaults:4 | Identified the ring of Tuotto Kame {Fire Str+2 Stlth+}
 80732 | Vaults:4 | Reached skill level 13 in Dodging
 81096 | Vaults:3 | Reached skill level 25 in Ice Magic
 81454 | Vaults:3 | HP: 35/178 [Tang's ghost (1)]
 81458 | Vaults:3 | HP: 16/178 [Tang's ghost (17)]
 82167 | Vaults:3 | Identified the +5 rapier of Wu Jian's Outrage {flame, rN+}
 82263 | Vaults:3 | HP: 19/178 [Tang's ghost (29)]
 82270 | Vaults:3 | Killed Tang's ghost
 82813 | Vaults:4 | Reached skill level 9 in Armour
 83064 | Vaults:4 | Noticed Mennas
 84296 | Vaults:4 | Found a portal to a secret trove of treasure.
 84849 | D:8      | Bought the +2 Maxwell's thermic engine {flame, freeze} for
                  | 1100 gold pieces
 84849 | D:8      | Found the +2 Maxwell's thermic engine {flame, freeze}
 85119 | Vaults:4 | You paid a toll of Maxwell's thermic engine to enter a
                  | treasure trove
 85120 | Trove    | Entered a treasure trove
 85143 | Trove    | Identified the +2 hat "Hykior" {rN+}
 85146 | Trove    | Identified the ring "Neasem" {Drain rPois rF+ rC+++ rCorr}
 85148 | Trove    | Identified the +0 pair of boots of Makhleb's Fury {Int+4}
 85153 | Trove    | Identified the ring of the Gloaming {rF+++ rC+ rN+ Will++
                  | Dex-3}
 85386 | Vaults:5 | Entered Level 5 of the Vaults
 85389 | Vaults:5 | Reached skill level 10 in Armour
 85390 | Vaults:5 | Reached skill level 14 in Dodging
 85686 | Vaults:5 | Reached skill level 26 in Ice Magic
 85841 | Vaults:5 | Identified the amulet of the Wary Nightcaps {Reflect rN+
                  | SH+5}
 85843 | Vaults:5 | Identified the ring of Ujaurreg {rF+ rCorr Str+10 Dex-2}
 85845 | Vaults:5 | Identified the ring "Utila" {Dex+3 SInv}
 85946 | Vaults:5 | Identified the +2 leather armour "Xuipyluorph" {Rampage
                  | rPois rF+ Slay+2}
 86269 | Vaults:5 | Reached XP level 22. HP: 153/185 MP: 27/41
 86431 | Vaults:5 | Got a silver rune of Zot
 86665 | Vaults:5 | Identified the +2 hunting sling of Doom {flame, rC+ Str+3
                  | Int+4 Dex-3}
 86731 | Vaults:5 | Identified the +0 pair of gloves of Cera {rCorr Str+6 Int-5
                  | Dex+2}
 86909 | Vaults:5 | Noticed Saint Roka
 86954 | Vaults:5 | HP: 18/185 [Saint Roka (29)]
 86956 | Vaults:5 | Killed Saint Roka
 87409 | Vaults:5 | Got Sif Muna's Volume of the Mountains and Ice
 87913 | Vaults:5 | Found the +0 mask of the Dragon {Will+ Slay+3 SInv}
 88209 | Vaults:5 | Reached skill level 15 in Dodging
 88995 | Vaults:5 | Got the Collected Works on Mutagenic Intoxication
 89252 | Vaults:5 | Reached skill level 27 in Ice Magic
 89320 | Vaults:5 | Identified the +4 spear "Zegitiy" {flame, rPois rN+ Dex+5}
 89323 | Vaults:5 | Identified the +4 hand axe of Corruption {antimagic,
                  | Fragile Int+4 Dex+3}
 89990 | Depths:1 | Entered Level 1 of the Depths
 91187 | Depths:1 | Found a gateway to Hell.
 91584 | Depths:1 | Reached skill level 11 in Shields
 92533 | Depths:2 | Reached skill level 14 in Fighting
 93387 | Depths:2 | Found a one-way gateway to a ziggurat.
 93405 | Depths:2 | Reached skill level 16 in Dodging
 93478 | Depths:2 | Reached XP level 23. HP: 132/195 MP: 10/42
 93862 | Depths:2 | Found a one-way gate leading to the halls of Pandemonium.
 93963 | Depths:2 | Found Wukisix's Mass Market.
 94336 | Depths:3 | Found a one-way gate to the infinite horrors of the Abyss.
 94401 | Depths:3 | Found a flickering gateway to a bazaar.
 94408 | Bazaar   | Entered a bazaar
 94408 | Bazaar   | Found Damuacang's Distillery.
 94433 | Bazaar   | Found Cuaze's Book Shop.
 94441 | Bazaar   | Found Giore's Magic Scroll Shoppe.
 94446 | Bazaar   | Found Liloikhy's Antique Weapon Shoppe.
 94447 | Bazaar   | Bought a scroll of enchant armour for 67 gold pieces
 94447 | Bazaar   | Bought a scroll of teleportation for 27 gold pieces
 94447 | Bazaar   | Bought a scroll of magic mapping for 31 gold pieces
 94480 | Bazaar   | Found Efarr's Distillery.
 94488 | Bazaar   | Bought a potion of might for 28 gold pieces
 94488 | Bazaar   | Bought a potion of haste for 70 gold pieces
 94488 | Bazaar   | Bought a potion of might for 28 gold pieces
 94488 | Bazaar   | Bought a potion of heal wounds for 35 gold pieces
 94488 | Bazaar   | Bought 2 potions of curing for 42 gold pieces
 94517 | Bazaar   | Bought a potion of magic for 72 gold pieces
 94517 | Bazaar   | Bought a potion of magic for 72 gold pieces
 94517 | Bazaar   | Bought a potion of curing for 27 gold pieces
 94517 | Bazaar   | Bought 2 potions of resistance for 180 gold pieces
 94517 | Bazaar   | Bought a potion of flight for 27 gold pieces
 94517 | Bazaar   | Bought a potion of brilliance for 36 gold pieces
 94517 | Bazaar   | Bought a potion of brilliance for 36 gold pieces
 94517 | Bazaar   | Bought a potion of brilliance for 36 gold pieces
 94517 | Bazaar   | Bought a potion of mutation for 72 gold pieces
 94528 | Bazaar   | Bought a Trismegistus Codex for 308 gold pieces
 94528 | Bazaar   | Bought the Almanac of Dusty Flight for 506 gold pieces
 94774 | Depths:3 | Reached skill level 12 in Shields
 94864 | Depths:3 | Identified the amulet of Starshine {+Blink Regen+ rCorr
                  | Int+3}
 96331 | Depths:3 | Noticed a juggernaut
 96335 | Depths:3 | Killed a juggernaut
 96667 | Depths:3 | Reached skill level 15 in Fighting
 97576 | Depths:4 | Entered Level 4 of the Depths
 97657 | Depths:4 | Reached skill level 1 in Conjurations
 97657 | Depths:4 | Reached skill level 1 in Air Magic
 97767 | Depths:3 | Reached skill level 17 in Dodging
 97968 | Depths:4 | Reached skill level 13 in Shields
 98189 | Depths:4 | Reached skill level 2 in Conjurations
 98202 | Depths:4 | Reached skill level 2 in Air Magic
 98456 | Depths:4 | Noticed the Enchantress
 98463 | Depths:4 | Noticed Margery
 98475 | Depths:4 | Found Moczenk's Book Boutique.
 98476 | Depths:4 | Found Moyn Jiu's Jewellery Shop.
 98551 | Depths:4 | Found Ifeen's Assorted Antiques.
 98560 | Depths:4 | Bought a scroll of acquirement for 2080 gold pieces
 98560 | Depths:4 | Acquired 1366 gold pieces
 98562 | Depths:4 | Bought a scroll of enchant armour for 300 gold pieces
 98562 | Depths:4 | Bought a potion of might for 160 gold pieces
 98604 | Depths:4 | Reached skill level 1 in Earth Magic
 99122 | Depths:4 | Reached skill level 3 in Conjurations
 99124 | Depths:4 | Killed the Enchantress
 99131 | Depths:4 | Identified the ring "Ereag" {rElec rC+ rN+ rCorr}
 99159 | Depths:3 | Reached skill level 2 in Earth Magic
 99509 | Depths:4 | Killed Margery
 99798 | Depths:4 | Found a gate to the Realm of Zot.
 99964 | Depths:4 | Reached skill level 3 in Earth Magic
100135 | Depths:4 | Reached skill level 4 in Conjurations
100843 | Slime:1  | Entered Level 1 of the Pits of Slime
101246 | Slime:5  | Entered Level 5 of the Pits of Slime
101269 | Slime:5  | Reached skill level 4 in Earth Magic
101274 | Slime:5  | Reached XP level 24. HP: 210/210 MP: 4/42
101640 | Slime:5  | Reached skill level 16 in Fighting
101640 | Slime:5  | Reached skill level 5 in Conjurations
102229 | Slime:5  | Noticed the Royal Jelly
102243 | Slime:5  | Killed the Royal Jelly
102244 | Slime:5  | Reached skill level 14 in Shields
102244 | Slime:5  | Reached skill level 5 in Earth Magic
102384 | Slime:5  | Found the +2 hood of the Assassin {Detection Stab+ Stlth++}
102425 | Slime:5  | Identified the +0 pair of gloves of Panentheism {Harm Drain
                  | rC+++ Str+4}
102457 | Slime:5  | Got a slimy rune of Zot
102466 | Slime:5  | Identified the amulet of Hiyret {RegenMP rElec rN+}
102916 | Zot:1    | Entered Level 1 of the Realm of Zot
103175 | Zot:1    | Reached skill level 6 in Conjurations
103304 | Zot:1    | Identified the +0 robe of Plog {+Inv rElec Slay+6 Stlth-}
104185 | Zot:1    | Identified the ring of Wishful Thinking {rN+ Int+6}
104494 | Zot:2    | Reached skill level 6 in Earth Magic
104747 | Zot:2    | Noticed an orb of fire
104774 | Zot:2    | Gained mutation: Your spells are a little easier to cast,
                  | but a little less powerful. [an orb of fire]
104779 | Zot:2    | Gained mutation: You possess an exceptional clarity of
                  | mind. [an orb of fire]
104781 | Zot:2    | Gained mutation: You occasionally shout uncontrollably at
                  | your foes. [an orb of fire]
104788 | Zot:2    | Gained mutation: You have hidden genetic defects. [an orb
                  | of fire]
104789 | Zot:2    | Lost mutation: Your mind is acute. (Int +2) [an orb of
                  | fire]
104794 | Zot:2    | Killed an orb of fire
104839 | Zot:1    | Lost mutation: You have sharp toenails. [potion of
                  | mutation]
104839 | Zot:1    | Lost mutation: You have hidden genetic defects. [potion of
                  | mutation]
104839 | Zot:1    | Gained mutation: You are resistant to electric shocks.
                  | (rElec) [potion of mutation]
104839 | Zot:1    | Gained mutation: You have sharp fingernails. [potion of
                  | mutation]
104839 | Zot:1    | Gained mutation: You passively dampen the noise of your
                  | surroundings. [potion of mutation]
105203 | Zot:2    | Reached skill level 7 in Conjurations
105303 | Zot:2    | Lost mutation: Your flesh is cold resistant. (rC+) [potion
                  | of mutation]
105303 | Zot:2    | Lost mutation: You are resistant to electric shocks.
                  | (rElec) [potion of mutation]
105303 | Zot:2    | Gained mutation: You are agile. (Dex +2) [potion of
                  | mutation]
105304 | Zot:2    | Lost mutation: You have sharp fingernails. [potion of
                  | mutation]
105304 | Zot:2    | Lost mutation: You occasionally shout uncontrollably at
                  | your foes. [potion of mutation]
105304 | Zot:2    | Lost mutation: Your spells are a little easier to cast, but
                  | a little less powerful. [potion of mutation]
105304 | Zot:2    | Gained mutation: You have sharp toenails. [potion of
                  | mutation]
105398 | Zot:2    | Found Ralicedi's Changing Room.
105423 | Zot:2    | Bought a potion of mutation for 120 gold pieces
105423 | Zot:2    | Bought a potion of mutation for 120 gold pieces
105686 | Zot:3    | Noticed an ancient lich
106130 | Zot:2    | Killed an ancient lich
106385 | Zot:2    | Reached skill level 7 in Earth Magic
107720 | Zot:3    | Reached skill level 8 in Conjurations
107780 | Zot:3    | Reached skill level 17 in Fighting
107842 | Zot:3    | Reached skill level 15 in Shields
107851 | Zot:3    | HP: 41/214 [tentacled monstrosity (9)]
107856 | Zot:3    | HP: 22/214 [poison (poison gas)]
107861 | Zot:3    | HP: 17/214 [poison (poison gas)]
108375 | Zot:3    | Reached skill level 8 in Earth Magic
109302 | Zot:4    | Noticed an orb of fire
109317 | Zot:4    | Killed an orb of fire
109567 | Zot:4    | Reached skill level 9 in Conjurations
109688 | Zot:4    | Reached XP level 25. HP: 215/222 MP: 23/42
110381 | Zot:4    | Reached skill level 9 in Earth Magic
110555 | Zot:5    | Entered Level 5 of the Realm of Zot
111515 | Zot:5    | Noticed an orb of fire
111515 | Zot:5    | Lost mutation: You are agile. (Dex +2) [an orb of fire]
111517 | Zot:5    | Gained mutation: Armour fits poorly on your strangely
                  | shaped body. [an orb of fire]
111518 | Zot:5    | Gained mutation: You have hidden genetic defects. [an orb
                  | of fire]
111530 | Zot:5    | Gained mutation: You are weak. (Str -2) [an orb of fire]
111531 | Zot:5    | Killed an orb of fire
111666 | Zot:5    | Lost mutation: You passively dampen the noise of your
                  | surroundings. [potion of mutation]
111666 | Zot:5    | Lost mutation: You have hidden genetic defects. [potion of
                  | mutation]
111666 | Zot:5    | Gained mutation: You are partially covered in iridescent
                  | scales. (AC +2) [potion of mutation]
111666 | Zot:5    | Gained mutation: Your system is resistant to poisons.
                  | (rPois) [potion of mutation]
111666 | Zot:5    | Gained mutation: You are strong-willed. (Will+) [potion of
                  | mutation]
111667 | Zot:5    | Lost mutation: You are partially covered in iridescent
                  | scales. (AC +2) [potion of mutation]
111667 | Zot:5    | Lost mutation: Armour fits poorly on your strangely shaped
                  | body. [potion of mutation]
111667 | Zot:5    | Lost mutation: You are strong-willed. (Will+) [potion of
                  | mutation]
111667 | Zot:5    | Gained mutation: Your skin changes colour to match your
                  | surroundings (Stealth+). [potion of mutation]
111667 | Zot:5    | Gained mutation: Your body sometimes deteriorates upon
                  | taking damage. [potion of mutation]
111667 | Zot:5    | Gained mutation: You have a considerably increased
                  | reservoir of magic. (+20% MP) [potion of mutation]
112002 | Zig:1    | Entered Level 1 of a ziggurat
112024 | Zig:2    | Entered Level 2 of a ziggurat
112079 | Zig:3    | Entered Level 3 of a ziggurat
112086 | Zig:3    | Reached skill level 10 in Conjurations
112094 | Zig:3    | Identified the amulet of Ashenzari's Hatred {Reflect Dex+2
                  | SH+5}
112097 | Zig:3    | Identified the +8 long sword of Cusiorae {vorpal, Stlth+}
112125 | Zig:4    | Entered Level 4 of a ziggurat
112142 | Zig:4    | Identified the amulet of Ugiw {+Blink rElec rPois rF-
                  | Regen+ Dex-4}
112200 | Zig:5    | Entered Level 5 of a ziggurat
112211 | Zig:5    | Reached skill level 10 in Earth Magic
112249 | Zig:5    | Reached XP level 26. HP: 232/232 MP: 46/46
112268 | Zig:5    | Learned a level 8 spell: Lehudib's Crystal Spear
112269 | Zig:6    | Entered Level 6 of a ziggurat
112306 | Zig:6    | Reached skill level 18 in Fighting
112334 | Zig:6    | Identified the +2 hand crossbow of Bodily Harmony {speed,
                  | rCorr Int+4}
112355 | Zig:7    | Entered Level 7 of a ziggurat
112359 | Zig:7    | Noticed a juggernaut
112365 | Zig:7    | Killed a juggernaut
112366 | Zig:7    | Reached skill level 11 in Conjurations
112421 | Zig:7    | Identified the +0 robe of Sorcery {+Inv}
112433 | Zig:7    | Identified the +6 shortbow "Biyzu" {flame, Int+4 Dex+4}
112548 | Zig:8    | Entered Level 8 of a ziggurat
112559 | Zig:8    | Reached skill level 11 in Earth Magic
112612 | Zig:8    | Identified the ring "Redidd" {Str+6 Int-3 Dex+10 Slay-5}
112628 | Zig:9    | Entered Level 9 of a ziggurat
112685 | Zig:9    | Identified the +1 great sword "Toov" {vorpal, rElec rPois
                  | rC+++ Int-2}
112694 | Zig:9    | Identified the +7 whip of Rimp {antimagic, +Blink Int-3
                  | Stlth+}
112707 | Zig:10   | Entered Level 10 of a ziggurat
112801 | Zig:10   | Got the Tome of Snow and Poisoning
112806 | Zig:10   | Identified the +7 quarterstaff of Byapaed {pain, Contam
                  | rF+++ Dex-2 SInv}
112830 | Zig:10   | Learned a level 9 spell: Polar Vortex
112913 | Zig:11   | Entered Level 11 of a ziggurat
112929 | Zig:12   | Entered Level 12 of a ziggurat
112947 | Zig:12   | Reached skill level 12 in Conjurations
112956 | Zig:12   | Reached skill level 12 in Earth Magic
112977 | Zig:12   | Identified the +11 scimitar of Beecwewe {antimagic, *Rage
                  | rC+ Int+4 Dex+3}
113091 | Zig:12   | Identified the +3 ring mail "Quheu" {rPois}
113104 | Zig:13   | Entered Level 13 of a ziggurat
113108 | Zig:13   | Noticed a royal mummy
113108 | Zig:13   | Noticed a royal mummy
113110 | Zig:13   | Noticed a royal mummy
113114 | Zig:13   | Found the +5 sword of Power {vorpal}
113116 | Zig:13   | HP: 39/232 [??? (18)]
113118 | Zig:13   | Identified the +2 scale mail of the Nightingale {rN+ SInv}
113120 | Zig:14   | Entered Level 14 of a ziggurat
113354 | Zig:14   | Reached XP level 27. HP: 240/240 MP: 46/46
113355 | Zig:14   | Identified the +9 rapier "Keufas" {protect, +Blink rC+
                  | Will- Int+3}
113362 | Zig:14   | Identified the ring of the Witching Xenops {+Blink Will+
                  | AC+4 Str+3 Stlth+}
113369 | Zig:14   | Identified the ring "Fiadij" {rC+ Will+++ Str+5 Stlth+}
113528 | Depths:4 | Bought a Necronomicon for 1064 gold pieces
113567 | Pan      | Entered Pandemonium
113591 | Pan      | Noticed Qihoerab the pandemonium lord
113645 | Pan      | Reached skill level 1 in Necromancy
113705 | Pan      | Gained mutation: You do not regenerate when monsters are
                  | visible. [a neqoxec]
113708 | Pan      | Reached skill level 2 in Necromancy
113801 | Pan      | Reached skill level 3 in Necromancy
113804 | Pan      | Noticed Gebaugh the pandemonium lord
113820 | Pan      | Killed Gebaugh the pandemonium lord
113821 | Pan      | Reached skill level 4 in Necromancy
113905 | Pan      | Lost mutation: Your body sometimes deteriorates upon taking
                  | damage. [potion of mutation]
113905 | Pan      | Lost mutation: You have a considerably increased reservoir
                  | of magic. (+20% MP) [potion of mutation]
113905 | Pan      | Gained mutation: You are covered in fur. (AC +1) [potion of
                  | mutation]
113906 | Pan      | Lost mutation: You are covered in fur. (AC +1) [potion of
                  | mutation]
113906 | Pan      | Lost mutation: You possess an exceptional clarity of mind.
                  | [potion of mutation]
113906 | Pan      | Gained mutation: You are partially covered in large bone
                  | plates. (SH +4) [potion of mutation]
113906 | Pan      | Gained mutation: A frigid envelope surrounds you and
                  | freezes all who hurt you. [potion of mutation]
113907 | Pan      | Lost mutation: You have sharp toenails. [potion of
                  | mutation]
113907 | Pan      | Lost mutation: You are weak. (Str -2) [potion of mutation]
113907 | Pan      | Gained mutation: You are clumsy. (Dex -2) [potion of
                  | mutation]
113907 | Pan      | Lost mutation: Your skin changes colour to match your
                  | surroundings (Stealth+). [potion of mutation]
113907 | Pan      | Gained mutation: Your mind is acute. (Int +2) [potion of
                  | mutation]
113908 | Pan      | Lost mutation: A frigid envelope surrounds you and freezes
                  | all who hurt you. [potion of mutation]
113908 | Pan      | Lost mutation: You are partially covered in large bone
                  | plates. (SH +4) [potion of mutation]
113908 | Pan      | Lost mutation: Your system is resistant to poisons. (rPois)
                  | [potion of mutation]
113908 | Pan      | Gained mutation: You are somewhat resistant to further
                  | mutation. [potion of mutation]
113908 | Pan      | Gained mutation: You have large cloven feet. [potion of
                  | mutation]
113909 | Pan      | Lost mutation: You are somewhat resistant to further
                  | mutation. [potion of mutation]
113909 | Pan      | Lost mutation: Your mind is acute. (Int +2) [potion of
                  | mutation]
113909 | Pan      | Lost mutation: You are clumsy. (Dex -2) [potion of
                  | mutation]
113909 | Pan      | Lost mutation: You do not regenerate when monsters are
                  | visible. [potion of mutation]
113909 | Pan      | Gained mutation: You have hidden genetic potential. [potion
                  | of mutation]
113918 | Pan      | Reached skill level 5 in Necromancy
114469 | Pan      | Identified the +7 hand axe of the Toadstool {chaos, rC+
                  | Will+ rCorr Int-2}
114475 | Pan      | Reached skill level 6 in Necromancy
114597 | Pan      | Reached skill level 19 in Fighting
114638 | Pan      | Noticed Gejeong the pandemonium lord
114655 | Pan      | Killed Gejeong the pandemonium lord
114663 | Pan      | Reached skill level 7 in Necromancy
114794 | Pan      | Noticed Yhaix the pandemonium lord
114819 | Pan      | Found an exit through the horrors of the Abyss.
114828 | Pan      | Entered the realm of Mnoleg.
115301 | Pan      | Reached skill level 8 in Necromancy
115304 | Pan      | Gained mutation: You sometimes lose the ability to read
                  | scrolls when taking damage. [a cacodemon]
115713 | Pan      | Gained mutation: You are weak. (Str -2) [a cacodemon]
115782 | Pan      | Reached skill level 9 in Necromancy
115842 | Pan      | Gained mutation: You are very weak. (Str -4) [a cacodemon]
116123 | Pan      | Noticed Mnoleg
116167 | Pan      | Got a glowing rune of Zot
116361 | Pan      | Gained mutation: You possess an exceptional clarity of
                  | mind. [Mnoleg's mutagenic touch]
116364 | Pan      | Killed Mnoleg
116715 | Pan      | Gained mutation: Your body sometimes deteriorates upon
                  | taking damage. [a cacodemon]
116721 | Pan      | Reached skill level 10 in Necromancy
117000 | Pan      | Noticed Kolem the pandemonium lord
117010 | Pan      | Killed Kolem the pandemonium lord
117607 | Pan      | Identified the +6 great sword "Sig Pef" {spect, SInv}
117611 | Pan      | Got Sif Muna's Disquisition on Dark Dislocation
117613 | Pan      | Got a demonic rune of Zot
117696 | Pan      | Reached skill level 11 in Necromancy
118022 | Pan      | Noticed Kuenoawa the pandemonium lord
118041 | Pan      | Killed Kuenoawa the pandemonium lord
118045 | Pan      | Reached skill level 20 in Fighting
118385 | Pan      | Entered the realm of Cerebov.
118432 | Pan      | Reached skill level 12 in Necromancy
119108 | Pan      | Identified the +10 hand axe "Weuzyigroa" {venom, rElec
                  | Int+2}
119108 | Pan      | Identified the ring of the Visionary {Fly rElec Will+
                  | Slay+4 Stlth-}
119396 | Pan      | Identified the +1 robe "Falom" {rCorr Str+5 Stlth-}
119396 | Pan      | Identified the ring "Uqoegiosm" {rPois rF+}
119458 | Pan      | Reached skill level 13 in Necromancy
119575 | Pan      | Found the +6 sword of Cerebov {flame}
119575 | Pan      | Noticed Cerebov
119594 | Pan      | HP: 39/247 [Cerebov (35)]
119596 | Pan      | Demolished by Cerebov

Illustrated notes

Levels and vault maps discovered:
D:1:      minmay_arrival_plants_in_alcoves, layout_basic,
          shapermc_ecumenical_altar_mp_urbaneastern,
          chequers_serial_rivers_room_a, minmay_box_of_dots
D:2:      layout_rooms
D:3:      kennysheep_goblin_castle, layout_rooms, serial_curves, eino_curves_03,
          eino_curves_02, eino_curves_03, minmay_starry_boxes
D:4:      layout_cave_pools, temple_fountains, minmay_strange_pillars,
          kennysheep_windowed_goal, uniq_eustachio
D:5:      layout_cave_pools, serial_gnoll_camp, gnoll_camp_mini_hut,
          gnoll_camp_mini_doghouse, gnoll_camp_mini_hut, gnoll_camp_mini_shop,
          gnoll_camp_medium_01, gup_ossuary_entry_pyramid, uniq_prince_ribbit1
D:6:      layout_basic, kennysheep_nondescript
D:7:      layout_cave_pools
D:8:      layout_rooms, kennysheep_mini_moat,
          ploomutoo_gammafunk_ghost_potion_laboratory, serial_shops, shop,
          serial_curves, eino_curves_03, eino_curves_04, eino_curves_04,
          nicolae_water_bricks
D:9:      layout_roguey
D:10:     layout_rooms, david_lair_shrubbed, nicolae_figureground_pulse
D:11:     layout_gridville, orc_0_dummy, roderic_lattice_a,
          nzn_hepliaklqana_mist_gate
D:12:     layout_small_grid, serial_shops, shop, nicolae_sif_muna_condensation
D:13:     layout_grid_maze
D:14:     thingy_vault, layout_gridville, lightli_vaults_fourway_checkpoint,
          minmay_misc_feat_x, minivault_13, uniq_josephine
D:15:     hangedman_depths_entry_try_elsewhere_first, layout_loops_cross,
          serial_shops, nicolae_shop_crystal, uniq_nessos
Temple:   mainiacjoe_temple_trianglar_array
Lair:1:   layout_chaotic_city, lemuel_fruit_tree, grunt_megastairs_2
Lair:2:   gammafunk_cloud_chamber, layout_regular_city,
          nicolae_volcano_entry_two_sided, chequers_serial_rivers_micro_c,
          nzn_sisyphean_effort
Lair:3:   layout_cave_pods, spider_nest_entry_funnel_web,
          nicolae_quartered_pool_super
Lair:4:   beast_lair_carwin_large_1, layout_gridlike, palyth_hydra_swamp_entry,
          nicolae_lair_lakeside_cave
Lair:5:   layout_roguey, dpeg_slime_entry_corner
Lair:6:   hangedman_lair_caniforms_friends, layout_regular_city,
          hangedman_lair_tendril_chambers, uniq_urug
Swamp:1:  layout_basic_swamp, evilmike_swamp_ruin_house_5,
          infiniplex_staircase_pool_2
Swamp:2:  layout_basic_swamp, nicolae_swamp_round_clearing, uniq_kirke
Swamp:3:  layout_basic_swamp, evilmike_swamp_ruin_house_2,
          infiniplex_staircase_pool
Swamp:4:  nzn_swamp_witches_coven, layout_basic_swamp,
          ebering_ghost_disaster_area, swamp_pool1, grunt_lady_of_the_lake
Spider:1: layout_spider_delve
Spider:2: layout_spider_delve, nicolae_spider_webs_and_nodes, uniq_arachne,
          uniq_agnes
Spider:3: layout_spider_delve, drop_trap, nicolae_spider_not_touching_you
Spider:4: spider_rune_water
Slime:1:  layout_caves
Slime:2:  layout_caves
Slime:3:  layout_caves
Slime:4:  layout_caves
Slime:5
Orc:1:    layout_caves, uniq_fannar
Orc:2:    st_orc_elflike, layout_caves, basic_altar, uniq_maurice
Elf:1:    nicolae_elf_arrival_dilemma, layout_loops_corners,
          gammafunk_ghost_door_vault, hangedman_corner_corridor, minivault_16,
          nicolae_elf_glass_and_crystal_pillar_2
Elf:2:    nicolae_elf_blades_crystal_corner, layout_loops_cross,
          gammafunk_ghost_grave, lemuel_elevator
Elf:3:    minmay_elf_hall_not_hex, layout_loops_corners, gammafunk_ghost_grave,
          grunt_megastairs_4
Vaults:1: ontoclasm_vaults_tryst, hangedman_vaults_hat, v_pattern_4,
          vaults_standard_mumra_x, hangedman_vaults_snaps,
          hangedman_vaults_trim, special_room_vaults [special_room_orc],
          vaults_dpeg_encased_lava, layout_vaults_omnigrid, serial_shops, shop,
          uniq_asterion, uniq_donald, uniq_aizul
Vaults:2: special_room_vaults [special_room_orc], nicolae_vaults_back_hallway,
          nicolae_vaults_big_ls, nicolae_vaults_theta, vaults_room_grid,
          nicolae_vaults_shelves_hall, nicolae_vaults_twisting_passages,
          v_misc_23, nicolae_vaults_little_squares_6, ontoclasm_vaults_chip,
          nicolae_vaults_little_squares_2, layout_vaults_ring, uniq_xtahua,
          uniq_bai_suzhen
Vaults:3: gammafunk_ghost_fury_of_okawaru, v_misc_24, hangedman_vaults_cutoff,
          ontoclasm_vaults_idyll, minmay_crypt_entry_vampire_xt,
          st_greater_box_3, v_pattern_1, ontoclasm_vaults_loading_screen,
          vaults_room_fours, hangedman_vaults_restitches,
          nicolae_vaults_rhombus_5, vaults_room_stairs_pillars,
          ontoclasm_vaults_chip, grunt_vaults_hallway_long,
          hangedman_vaults_trim, layout_vaults_maze_bifur
Vaults:4: vaults_mumra_bighexcomb, nicolae_vaults_rhombus_7,
          nicolae_vaults_little_squares_1, dpeg_vaults_monster_box,
          nicolae_vaults_little_squares_1, grunt_vaults_hallway_short,
          vaults_room_grunt_arrival_ludios, vaults_room_pool,
          grunt_vaults_swirl, vaults_mumra_minichess_inversion,
          nicolae_vaults_circle_grid_b, hangedman_vaults_slice,
          vaults_mumra_hex, layout_vaults_omnicross,
          nicolae_trove_entry_crystal, uniq_jory, uniq_mennas
Vaults:5: uniq_saint_roka
Depths:1: layout_cave_pools, grunt_hell_entry_dis_grunt
Depths:2: minmay_isolated_rectangles_in_corner, layout_gridville,
          enter_ziggurat_e, pf_coc_iceberg, grunt_gozag_breadcrumbs,
          rand_demon_pan_entry_9, minmay_shop_mass, serial_bayou_shore_b
Depths:3: minmay_the_grid_square_5x5_5x5 [minmay_the_grid_square_5x5_meh,
          minmay_the_grid_square_5x5_bite, minmay_the_grid_square_5x5_minibox,
          minmay_the_grid_square_5x5_comb, minmay_the_grid_square_5x5_inner_i,
          minmay_the_grid_square_5x5_shuriken,
          minmay_the_grid_square_5x5_prize_junk,
          minmay_the_grid_square_5x5_checkered,
          minmay_the_grid_square_5x5_prize_deathbox,
          minmay_the_grid_square_5x5_eight_small,
          minmay_the_grid_square_5x5_lines,
          minmay_the_grid_square_5x5_checkered_statues,
          minmay_the_grid_square_5x5_prize_snowflake,
          minmay_the_grid_square_5x5_two_walls_b,
          minmay_the_grid_square_5x5_inner_z, minmay_the_grid_square_5x5_forky,
          minmay_the_grid_square_5x5_prize_open,
          minmay_the_grid_square_5x5_gyroscope,
          minmay_the_grid_square_5x5_prize_gold,
          minmay_the_grid_square_5x5_eight, minmay_the_grid_square_5x5_percent,
          minmay_the_grid_square_5x5_checkered_sparse,
          minmay_the_grid_square_5x5_bridge, minmay_the_grid_square_5x5_n,
          minmay_the_grid_square_5x5_doubleslash], layout_gridlike,
          serial_shops, bzr_entry_islet, abyss_entry, pan_entry, hell_entry,
          minmay_variable_closet, st_stairs_4, grunt_tough_drop
Depths:4: grunt_crosshair, layout_long_grid, abyss_entry_flame_altar,
          serial_rivers, chequers_serial_rivers_room_a,
          chequers_serial_rivers_large_a, chequers_serial_rivers_small_3,
          chequers_serial_rivers_large_b, chequers_serial_rivers_micro_b,
          pf_vacation_house_of_asmodeus, minmay_shop_star, uniq_enchantress,
          uniq_margery
Zot:1:    layout_concentric_octagons
Zot:2:    layout_gridlike, nicolae_transmutations_shop
Zot:3:    hangedman_snap_crack_crunch, layout_onion
Zot:4:    layout_misc_corridors
Zot:5:    layout_gridlike, st_stairs_11
Pan:      rand_demon_3, layout_pan_divisions_b [pan_division_quadrant_b4,
          pan_division_quadrant_b6, pan_division_quadrant_b1,
          pan_division_quadrant_b4], evilmike_mini_pan_diamond, layout_gridlike,
          grunt_pan_sceptre, layout_cellular_growth, rand_demon_3,
          layout_gridville, pan_blood_fountain_small,
          mnoleg_grunt_wretched_star, layout_basic,
          nicolae_pan_gloorx_vloqian_4, lemuel_hellion_island, layout_gridlike,
          pan_disco_hall, layout_pan_divisions_a [pan_division_quadrant_a4,
          pan_division_quadrant_a2, pan_division_quadrant_a4,
          pan_division_quadrant_a2, pan_division_octagon_rings],
          pan_blood_fountain, nicolae_pan_sigil_eeng, grunt_pan_zigzag,
          layout_chambers, regret_index_pan_draining_boxed,
          layout_pan_divisions_a [pan_division_quadrant_a1,
          pan_division_quadrant_a3, pan_division_quadrant_a6,
          pan_division_quadrant_a4, pan_division_octagon_divided],
          cerebov_grunt, layout_long_grid

Skill      XL: |  1  2  3  4  5  6  7  8  9 10 11 12 13 14 15 16 17 18 19 20 21 22 23 24 25 26 27 |
---------------+----------------------------------------------------------------------------------+-----
Spellcasting   | 2 3 4 6 7 9 10 | 10.4
Ice Magic      | 4 5 6 7 9 10 11 13 16 18 19 20 21 22 23 24 26 27 | 27.0
Dodging        | 3 6 8 9 10 11 12 14 16 17 | 17.1
Fighting       | 2 6 9 10 11 12 13 14 15 17 18 20 | 20.3
Long Blades    | 2 5 7 8 9 10 | 10.7
Shields        | 4 7 8 9 10 11 13 15 | 15.2
Evocations     | 4 6 8 9 10 | 10.0
Armour         | 1 4 6 8 10 | 10.0
Translocations | 3 5 |  5.0
Conjurations   | 4 9 10 12 | 12.2
Air Magic      | 2 |  2.1
Earth Magic    | 4 8 10 12 | 12.0
Necromancy     | 13 | 13.2
Stealth        | |  1.7

Action                   |  1- 3 |  4- 6 |  7- 9 | 10-12 | 13-15 | 16-18 | 19-21 | 22-24 | 25-27 || total
-------------------------+-------+-------+-------+-------+-------+-------+-------+-------+-------++-------
Melee: Short sword       |    45 |    31 |    27 |       |       |       |       |       |       ||   103
       Dagger            |       |    17 |   286 |    18 |       |       |       |       |       ||   321
       Punch             |       |       |     9 |     1 |     1 |       |       |       |       ||    11
       Whip              |       |       |       |    66 |     6 |       |       |       |       ||    72
       Demon blade       |       |       |       |       |    25 |   306 |   385 |   627 |   247 ||  1590
       Long sword        |       |       |       |       |       |    14 |   130 |    90 |       ||   234
       Staff             |       |       |       |       |       |       |     7 |     5 |     3 ||    15
 Cast: Freeze            |    36 |    70 |   166 |   274 |   423 |    21 |     1 |     1 |     2 ||   994
       Frozen Ramparts   |       |     7 |    25 |    58 |   100 |    20 |    11 |    17 |     4 ||   242
       Ozocubu's Armour  |       |     6 |    19 |    23 |    42 |    40 |    13 |    34 |     6 ||   183
       Ozocubu's Refrige |       |       |       |    19 |   266 |   525 |   600 |   897 |   294 ||  2601
       Hailstorm         |       |       |       |       |     8 |    46 |     6 |     5 |     4 ||    69
       Polar Vortex      |       |       |       |       |       |       |       |       |   112 ||   112
       Passage of Golubr |       |       |       |       |       |       |       |       |     1 ||     1
Evoke: Wand              |       |       |     1 |     2 |     8 |    25 |       |     2 |       ||    38
       Box of beasts     |       |       |       |       |     1 |     1 |     1 |     1 |       ||     4
       Phial of floods   |       |       |       |       |     1 |     1 |     2 |     1 |     3 ||     8
       Tin of tremorston |       |       |       |       |     1 |     1 |       |     2 |     4 ||     8
       Condenser vane    |       |       |       |       |       |     2 |     1 |     1 |     1 ||     5
       Lightning rod     |       |       |       |       |       |     1 |     2 |       |       ||     3
       Phantom mirror    |       |       |       |       |       |       |     2 |     1 |     1 ||     4
  Use: Scroll            |       |     2 |     7 |    16 |     1 |    23 |     6 |     8 |    14 ||    77
       Potion            |       |     1 |     4 |    11 |       |    12 |    15 |     8 |    22 ||    73
 Stab: Sleeping          |     3 |     1 |     2 |       |     1 |       |     2 |       |       ||     9
       Paralysed         |       |       |       |       |       |     1 |       |       |       ||     1
       Invisible         |       |       |       |       |       |       |     8 |       |     4 ||    12
Armor: Robe              |    16 |    50 |   104 |       |       |       |       |       |       ||   170
       Steam dragon scal |       |       |   122 |   103 |    15 |       |       |       |       ||   240
       Fire dragon scale |       |       |       |    48 |       |       |       |       |       ||    48
       Leather armour    |       |       |       |     1 |   160 |   234 |   219 |   422 |   159 ||  1195
Dodge: Dodged            |    49 |    90 |   346 |   276 |   445 |   213 |   281 |   498 |   235 ||  2433
Block: Buckler           |       |       |       |       |    48 |   183 |   199 |   391 |   215 ||  1036
       Reflection        |       |       |       |       |     9 |    16 |    17 |    63 |    39 ||   144

Table legend: (Time is in decaauts)
 A = Elapsed time spent in this place.
 B = Non-inter-level travel time spent in this place.
 C = Inter-level travel time spent in this place.
 D = Time resting spent in this place.
 E = Time spent auto-exploring this place.
 F = Levels seen in this place.
 G = Mean time per level.
                   A        B        C        D        E       F      G
               +--------+--------+--------+--------+--------+-----+--------+
         Total | 119785 | 112651 |   7134 |  19897 |  73155 |  81 | 1478.8 |
       Dungeon |  24215 |  21998 |   2217 |   2820 |  16077 |  15 | 1614.3 |
        Temple |     95 |     86 |      9 |      0 |     82 |   1 |   95.0 |
          Lair |  17320 |  15705 |   1615 |   2412 |  10776 |   6 | 2886.7 |
         Swamp |   8845 |   8529 |    316 |   1603 |   6019 |   4 | 2211.2 |
   Spider Nest |   9234 |   8954 |    280 |   1028 |   6890 |   4 | 2308.5 |
    Slime Pits |   1761 |   1748 |     13 |    952 |    167 |   5 |  352.2 |
  Orcish Mines |   2588 |   2368 |    220 |    431 |   1590 |   2 | 1294.0 |
   Elven Halls |   9139 |   8792 |    347 |   1598 |   5621 |   3 | 3046.3 |
        Vaults |  19118 |  18063 |   1055 |   3600 |  11308 |   5 | 3823.6 |
        Depths |  10743 |  10001 |    742 |   1263 |   7099 |   4 | 2685.8 |
           Zot |   8785 |   8470 |    315 |    303 |   6955 |   5 | 1757.0 |
   Pandemonium |   5986 |   5986 |      0 |   3025 |    442 |  10 |  598.6 |
      Ziggurat |   1369 |   1369 |      0 |    726 |     10 |  14 |   97.8 |
        Bazaar |    130 |    130 |      0 |      0 |     75 |   1 |  130.0 |
         Trove |     47 |     47 |      0 |      0 |      0 |   1 |   47.0 |
       Volcano |    403 |    403 |      0 |    134 |     42 |   1 |  403.0 |
               +--------+--------+--------+--------+--------+-----+--------+

Top non-repeatable levels by time:
  Lair:6: 4799 daAuts
Vaults:3: 4771 daAuts
   Elf:3: 4378 daAuts
Depths:3: 4069 daAuts
Vaults:1: 4031 daAuts
Vaults:4: 3732 daAuts
  Lair:3: 3464 daAuts
 Swamp:4: 3433 daAuts
   Elf:1: 3380 daAuts
Vaults:5: 3353 daAuts
    D:14: 3327 daAuts
Vaults:2: 3229 daAuts
  Lair:4: 3180 daAuts
Spider:3: 2966 daAuts
   Zot:3: 2587 daAuts

Table legend:
 A = Kills in this place as a percentage of kills in entire the game.
 B = Kills by you in this place as a percentage of kills by you in the entire game.
 C = Kills by friends in this place as a percentage of kills by friends in the entire game.
 D = Other kills in this place as a percentage of other kills in the entire game.
 E = Experience gained in this place as a percentage of experience gained in the entire game.
 F = Experience gained in this place divided by the number of levels of this place that you have seen.
                   A       B       C       D       E      F
               +-------+-------+-------+-------+-------+----------------------
         Total | 100.0 | 100.0 | 100.0 | 100.0 | 100.0 | 21690.3
       Dungeon |  12.9 |  13.0 |   0.0 |   0.0 |   4.6 | 5437.1
          Lair |   9.6 |   9.7 |   0.0 |   0.0 |   4.7 | 13821.3
         Swamp |   4.8 |   4.8 |   0.0 |  11.1 |   4.8 | 20956.0
   Spider Nest |   7.9 |   8.0 |   0.0 |   0.0 |   5.7 | 25032.0
    Slime Pits |   4.0 |   4.1 |   0.0 |   0.0 |   3.8 | 13350.8
  Orcish Mines |   2.7 |   2.7 |   0.0 |   0.0 |   0.8 | 6811.5
   Elven Halls |   5.1 |   5.1 |   0.0 |   0.0 |   6.7 | 39090.0
        Vaults |  20.2 |  20.2 | 100.0 |  11.1 |  24.7 | 86837.4
        Depths |   8.9 |   8.9 |   0.0 |  11.1 |  13.7 | 60091.8
           Zot |   5.2 |   5.2 |   0.0 |  11.1 |  10.4 | 36686.0
   Pandemonium |  12.1 |  12.0 |   0.0 |  33.3 |  13.5 | 23720.1
      Ziggurat |   6.4 |   6.3 |   0.0 |  22.2 |   6.5 | 8160.8
       Volcano |   0.1 |   0.1 |   0.0 |   0.0 |   0.1 | 1395.0
               +-------+-------+-------+-------+-------+----------------------
